Workbook

Sheet LOTE 1
A1: ALCALDÍA MAYOR DE BOGOTÁ Secretaría General Subdirección de Servicios Administrativos CONSTANCIA DE ESTUDIO DE MERCADO
A2: FECHA DE ELABORACIÓN: 3/11/2020 | D2: LA SUBDIRECCIÓN DE SERVICIOS ADMINISTRATIVOS DE LA SECRETARIA GENERAL DE BOGOTA D.C , EFECTUO LA CONSULTA DE PRECIOS DE MERCADO PARA ADELANTAR UN PROCESO DE SELECCIÓN ABREVIADA SUBASTA INVERSA ANALIZANDO LAS SIGUIENTES VARIABLES
A3: Objeto: Adquisición, instalación y puesta en funcionamiento de los equipos de audio vídeo e iluminación para la operación de las sedes de la Secretaría General de la Alcaldía Mayor D.C.
C5: MEDIO | G5: CANTIDAD
C6: Correo Electrónico | G6: 3
C7: Comunicación Escrita | G7: 0
C8: Archivos Historicos de la Entidad (contratos o procesos años anteriores) | G8: 0
A9: Como se detalla a continuación, la consulta para la realización del Estudio de Mercado del proceso en mención, se observa que lo cotizado corresponde al objeto a contratar en todos sus componentes y que a su vez se ajusta a las condiciones y/o especificaciones contenidas en los estudios previos:
A13: LOTE 1 Adquisición, instalación y puesta en funcionamiento de los equipos de AUDIO para las sedes y operación de la Secretaría General de la Alcaldía Mayor D.C.
A14: DESPACHO ALCALDESA (SUBDIRECCION DE SERVICIOS ADMISNISTRATIVOS)
F15: VOXCOM | L15: IMPREAMIL | R15: IMPRTADORA GRR | X15: ECUACIÓN ARITMETICA | AC15: ANALISIS ESTADISTICO
A16: ÍTEM | B16: EQUIPOS | C16: CANTIDAD | D16: ESPECIFICACIONES TÉCNICAS | F16: MARCA | G16: VALOR UNITARIO | H16: TARIFA IVA % | I16: VALOR UNITARIO INCLUIDO IVA | J16: VALOR TOTAL | L16: MARCA | M16: VALOR UNITARIO | N16: TARIFA IVA % | O16: VALOR UNITARIO INCLUIDO IVA | P16: VALOR TOTAL | R16: MARCA | S16: VALOR UNITARIO | T16: TARIFA IVA % | U16: VALOR UNITARIO INCLUIDO IVA | V16: VALOR TOTAL | X16: VALOR UNITARIO (2) | Y16: IVA (3) | Z16: VR. TOTAL CON (IVA) (2+3) | AA16: VALOR TOTAL | AC16: MENOR | AD16: MAXIMO | AE16: PROMEDIO | AF16: DESVIACIÓN ESTANDAR | AG16: %
A17: 1 | B17: INTERFACE DE AUDIO USB | C17: 2 | D17: •Mínimo 2 entradas combo XLR-1/4 con control de ganancia independiente •mínimo 4 Cuatro salidas de línea TRS de 1/4balanceadas •Tasa de muestreo 192 kHz Resolución de audio 24 bit•Phantom Power •Salida de audífonos: 1 x 1/4, Controles de volumen independientes para salidas de auriculares y monitor. Tipos de conexiones USB •Preamplificadores 2 | F17: Focusrite Clarett 2Pre | G17: 3570000 | H17: =ROUND(G17*19%,0) -> 678300 | I17: =G17+H17 -> 4248300 | J17: =I17*C17 -> 8496600 | L17: Focusrite Clarett 2Pre | M17: 3250000 | N17: =ROUND(M17*19%,0) -> 617500 | O17: =M17+N17 -> 3867500 | P17: =+O17*C17 -> 7735000 | R17: PRESONUS | S17: 560000 | T17: =ROUND(S17*19%,0) -> 106400 | U17: =+T17+S17 -> 666400 | V17: =+U17*C17 -> 1332800 | X17: =ROUND(AVERAGE(G17,M17,S17),0) -> 2460000 | Y17: =ROUND(X17*0.19,0) -> 467400 | Z17: =+Y17+X17 -> 2927400 | AA17: =+Z17*C17 -> 5854800 | AC17: =+MIN(I17,O17,U17) -> 666400 | AD17: =+MAX(I17,O17,U17) -> 4248300 | AE17: =+AVERAGE(I17,O17,U17) -> 2927400 | AF17: =+STDEVP(I17,O17,U17) -> 1606309 | AG17: =AF17/AE17 -> 0.54871524
A18: 2 | B18: SISTEMA PORTÁTIL PA | C18: 2 | D18: • El sistema PA portátil Mezclador de canal con audio de transmisión Bluetooth, alimentación phantom de +48 V, Hi-Z y un conector XLR de paso_x000D_ • Puerto de carga USB y soporte para tableta Controladores de altavoces: subwoofer de 1 x mínimo 8 " y altavoces de mínimo 6" x 2 "HF _x000D_ • Cantidad de canales del mezclador: minimo7 (incluidos los canales estéreo) Cantidad de preamplificadores de micrófono: mínimo 4_x000D_ • Respuesta de frecuencia: 45Hz-18kHz 3 _x000D_ • Compartimientos internos para guardar el mismo sistema _x000D_ | F18: JBL EON ONE PRO | G18: 4950000 | H18: =ROUND(G18*19%,0) -> 940500 | I18: =G18+H18 -> 5890500 | J18: =I18*C18 -> 11781000 | L18: JBL EON ONE PRO | M18: 4600000 | N18: =ROUND(M18*19%,0) -> 874000 | O18: =M18+N18 -> 5474000 | P18: =+O18*C18 -> 10948000 | R18: PROEL | S18: 3270000 | T18: =ROUND(S18*19%,0) -> 621300 | U18: =+T18+S18 -> 3891300 | V18: =+U18*C18 -> 7782600 | X18: =ROUND(AVERAGE(G18,M18,S18),0) -> 4273333 | Y18: =ROUND(X18*0.19,0) -> 811933 | Z18: =+Y18+X18 -> 5085266 | AA18: =+Z18*C18 -> 10170532 | AC18: =+MIN(I18,O18,U18) -> 3891300 | AD18: =+MAX(I18,O18,U18) -> 5890500 | AE18: =+AVERAGE(I18,O18,U18) -> 5085266.7 | AF18: =+STDEVP(I18,O18,U18) -> 861214.4 | AG18: =AF18/AE18 -> 0.16935482
A19: 3 | B19: CONSOLA USB | C19: 2 | D19: • mínimo Cantidad de canales 8 • mínimo Conectores de entrada 8 • mínimo Conectores de salida 2 • 1 retorno auxiliar •Puerto usb de trabajo • Faders | F19: Yamaha MG 16XU | G19: 2550000 | H19: =ROUND(G19*19%,0) -> 484500 | I19: =G19+H19 -> 3034500 | J19: =I19*C19 -> 6069000 | L19: Yamaha MG 16XU | M19: 2300000 | N19: =ROUND(M19*19%,0) -> 437000 | O19: =M19+N19 -> 2737000 | P19: =+O19*C19 -> 5474000 | R19: PRESONUS | S19: 1599000 | T19: =ROUND(S19*19%,0) -> 303810 | U19: =+T19+S19 -> 1902810 | V19: =+U19*C19 -> 3805620 | X19: =ROUND(AVERAGE(G19,M19,S19),0) -> 2149667 | Y19: =ROUND(X19*0.19,0) -> 408437 | Z19: =+Y19+X19 -> 2558104 | AA19: =+Z19*C19 -> 5116208 | AC19: =+MIN(I19,O19,U19) -> 1902810 | AD19: =+MAX(I19,O19,U19) -> 3034500 | AE19: =+AVERAGE(I19,O19,U19) -> 2558103.3 | AF19: =+STDEVP(I19,O19,U19) -> 479015.36 | AG19: =AF19/AE19 -> 0.18725411
A20: 4 | B20: MICRÓFONO DE VIDEOCONFERENCIA (profesional) | C20: 10 | D20: • Micrófono de condensador._x000D_ • Patron Polar cardioide o semicardiode, También para mesas de conferencia, podios, altares, escenarios, pianos y percusión. _x000D_ • Respuesta conexión directa a la consola por cable XLR Respuesta de (audio) _x000D_ • frecuencia desde 20 - 20.000 Hz _x000D_ • Impedancia entre 100 y 200 ohmios_x000D_ • Relación señal a ruido desde 67 dB, 1 kHz _x000D_ • Phantom power _x000D_ • Armazón resistente Cable incluido Con o sin Interruptor programable de encendido y apagado e indicador LED de encendido y apagado _x000D_ | F20: Audio Technica U851Rb | G20: 985000 | H20: =ROUND(G20*19%,0) -> 187150 | I20: =G20+H20 -> 1172150 | J20: =I20*C20 -> 11721500 | L20: Audio Technica U851Rb | M20: 900000 | N20: =ROUND(M20*19%,0) -> 171000 | O20: =M20+N20 -> 1071000 | P20: =+O20*C20 -> 10710000 | R20: SHURE | S20: 1040000 | T20: =ROUND(S20*19%,0) -> 197600 | U20: =+T20+S20 -> 1237600 | V20: =+U20*C20 -> 12376000 | X20: =ROUND(AVERAGE(G20,M20,S20),0) -> 975000 | Y20: =ROUND(X20*0.19,0) -> 185250 | Z20: =+Y20+X20 -> 1160250 | AA20: =+Z20*C20 -> 11602500 | AC20: =+MIN(I20,O20,U20) -> 1071000 | AD20: =+MAX(I20,O20,U20) -> 1237600 | AE20: =+AVERAGE(I20,O20,U20) -> 1160250 | AF20: =+STDEVP(I20,O20,U20) -> 68532.705 | AG20: =AF20/AE20 -> 0.059067188
A21: 2 | B21: MICRÓFONO USB PROFESIONAL | C21: 5 | D21: USB Micrófono de condensador ,con conector USB y cable de mínimo 3 m. Respuesta de frecuencia entre 40 hz a 5 hz - 15,000 hz a 20,000 Hz, incluido adaptador usb estándar de ser necesario | F21: Audio Technica ATR4697-USB | G21: 120000 | H21: =ROUND(G21*19%,0) -> 22800 | I21: =G21+H21 -> 142800 | J21: =I21*C21 -> 714000 | L21: Audio Technica ATR4697-USB | M21: 110000 | N21: =ROUND(M21*19%,0) -> 20900 | O21: =M21+N21 -> 130900 | P21: =+O21*C21 -> 654500 | R21: IRIG | S21: 573000 | T21: =ROUND(S21*19%,0) -> 108870 | U21: =+T21+S21 -> 681870 | V21: =+U21*C21 -> 3409350 | X21: =ROUND(AVERAGE(G21,M21,S21),0) -> 267667 | Y21: =ROUND(X21*0.19,0) -> 50857 | Z21: =+Y21+X21 -> 318524 | AA21: =+Z21*C21 -> 1592620 | AC21: =+MIN(I21,O21,U21) -> 130900 | AD21: =+MAX(I21,O21,U21) -> 681870 | AE21: =+AVERAGE(I21,O21,U21) -> 318523.33 | AF21: =+STDEVP(I21,O21,U21) -> 256970.82 | AG21: =AF21/AE21 -> 0.80675665
A22: 3 | B22: MIXER DIGITAL | C22: 1 | D22: • mínimo 16 entradas mono (XLR o Jack) _x000D_ • mínimo 10 salidas (XLR o Jack)_x000D_ • mínimo 3 entradas estéreo (Jack)_x000D_ • mínimo 4 retornos aux_x000D_ • minimo16 buses_x000D_ • Faders motorizados_x000D_ • Pantalla táctil_x000D_ | F22: ALLEN & HEAT Qu-16 | G22: 7320000 | H22: =ROUND(G22*19%,0) -> 1390800 | I22: =G22+H22 -> 8710800 | J22: =I22*C22 -> 8710800 | L22: ALLEN & HEAT Qu-16 | M22: 6750000 | N22: =ROUND(M22*19%,0) -> 1282500 | O22: =M22+N22 -> 8032500 | P22: =+O22*C22 -> 8032500 | R22: QSC | S22: 5357000 | T22: =ROUND(S22*19%,0) -> 1017830 | U22: =+T22+S22 -> 6374830 | V22: =+U22*C22 -> 6374830 | X22: =ROUND(AVERAGE(G22,M22,S22),0) -> 6475667 | Y22: =ROUND(X22*0.19,0) -> 1230377 | Z22: =+Y22+X22 -> 7706044 | AA22: =+Z22*C22 -> 7706044 | AC22: =+MIN(I22,O22,U22) -> 6374830 | AD22: =+MAX(I22,O22,U22) -> 8710800 | AE22: =+AVERAGE(I22,O22,U22) -> 7706043.3 | AF22: =+STDEVP(I22,O22,U22) -> 981196.35 | AG22: =AF22/AE22 -> 0.12732816
A23: 4 | B23: MONITOREO ESTÉREO INALÁMBRICO PERSONAL PROFESIONAL (DUAL) | C23: 1 | D23: • Distancia desde 90 m (300 pies) de rango, incluido Trasmisor+Receptor+ Auriculares • Escaneo de frecuencias y la sincronización • Trasmisor con Antena de onda desmontable • Pantalla LCD Electrónica y Balanceada, entrada XLR-1/4" • Señal Balanceada Body pack para Baterias AA | F23: Sennheiser ew IEM G4 TWIN-A | G23: 6440000 | H23: =ROUND(G23*19%,0) -> 1223600 | I23: =G23+H23 -> 7663600 | J23: =I23*C23 -> 7663600 | L23: Sennheiser ew IEM G4 TWIN-A | M23: 6050000 | N23: =ROUND(M23*19%,0) -> 1149500 | O23: =M23+N23 -> 7199500 | P23: =+O23*C23 -> 7199500 | R23: SHURE | S23: 3655000 | T23: =ROUND(S23*19%,0) -> 694450 | U23: =+T23+S23 -> 4349450 | V23: =+U23*C23 -> 4349450 | X23: =ROUND(AVERAGE(G23,M23,S23),0) -> 5381667 | Y23: =ROUND(X23*0.19,0) -> 1022517 | Z23: =+Y23+X23 -> 6404184 | AA23: =+Z23*C23 -> 6404184 | AC23: =+MIN(I23,O23,U23) -> 4349450 | AD23: =+MAX(I23,O23,U23) -> 7663600 | AE23: =+AVERAGE(I23,O23,U23) -> 6404183.3 | AF23: =+STDEVP(I23,O23,U23) -> 1465217.6 | AG23: =AF23/AE23 -> 0.2287907
A24: 8 | B24: SET LAVALIER MICRÓFONO INALÁMBRICO SENHEISSER EW 112P G4 | C24: 8 | D24: • 1 receptor bodypack, 1 transmisores bodypack, 1 clip-on micrófonos lavalier, 1 micrófonos lavalier • Diseñados para ser montados en cámara. | F24: Sennheiser EW 112P G4 | G24: 2980000 | H24: =ROUND(G24*19%,0) -> 566200 | I24: =G24+H24 -> 3546200 | J24: =I24*C24 -> 28369600 | L24: Sennheiser EW 112P G4 | M24: 2700000 | N24: =ROUND(M24*19%,0) -> 513000 | O24: =M24+N24 -> 3213000 | P24: =+O24*C24 -> 25704000 | T24: =ROUND(S24*19%,0) -> 0 | U24: =+T24+S24 -> 0 | V24: =+U24*C24 -> 0 | X24: =ROUND(AVERAGE(G24,M24,S24),0) -> 2840000 | Y24: =ROUND(X24*0.19,0) -> 539600 | Z24: =+Y24+X24 -> 3379600 | AA24: =+Z24*C24 -> 27036800 | AC24: =+MIN(I24,O24) -> 3213000 | AD24: =+MAX(I24,O24) -> 3546200 | AE24: =+AVERAGE(I24,O24) -> 3379600 | AF24: =+STDEVP(I24,O24) -> 166600 | AG24: =AF24/AE24 -> 0.049295775
A25: 5 | B25: BASE SOPORTE DE MESA PARA MICRÓFONO | C25: 10 | D25: • Base desde 10 cm de diámetro permite ajustar la altura • Altura mínima aproximada de 20 cm • Altura máxima aproximada de 40 cm • Cabezal giratorio hasta 180 grados | F25: Generico | G25: 50000 | H25: =ROUND(G25*19%,0) -> 9500 | I25: =G25+H25 -> 59500 | J25: =I25*C25 -> 595000 | L25: Generico | M25: 45000 | N25: =ROUND(M25*19%,0) -> 8550 | O25: =M25+N25 -> 53550 | P25: =+O25*C25 -> 535500 | R25: PROEL | S25: 93000 | T25: =ROUND(S25*19%,0) -> 17670 | U25: =+T25+S25 -> 110670 | V25: =+U25*C25 -> 1106700 | X25: =ROUND(AVERAGE(G25,M25,S25),0) -> 62667 | Y25: =ROUND(X25*0.19,0) -> 11907 | Z25: =+Y25+X25 -> 74574 | AA25: =+Z25*C25 -> 745740 | AC25: =+MIN(I25,O25,U25) -> 53550 | AD25: =+MAX(I25,O25,U25) -> 110670 | AE25: =+AVERAGE(I25,O25,U25) -> 74573.333 | AF25: =+STDEVP(I25,O25,U25) -> 25639.522 | AG25: =AF25/AE25 -> 0.34381623
A26: 10 | B26: CABLE BNC 15 MTS | C26: 20 | D26: CABLE BNC CON CONECTORES MACHO MINIMO 10 MTS COMPATIBLE CON SISTEMA DE AMPLIFICACION SENNHEISER PARA ANTENAS | F26: Generico | G26: 65000 | H26: =ROUND(G26*19%,0) -> 12350 | I26: =G26+H26 -> 77350 | J26: =I26*C26 -> 1547000 | L26: Generico | M26: 60000 | N26: =ROUND(M26*19%,0) -> 11400 | O26: =M26+N26 -> 71400 | P26: =+O26*C26 -> 1428000 | R26: SHURE | S26: 481000 | T26: =ROUND(S26*19%,0) -> 91390 | U26: =+T26+S26 -> 572390 | V26: =+U26*C26 -> 11447800 | X26: =ROUND(AVERAGE(G26,M26,S26),0) -> 202000 | Y26: =ROUND(X26*0.19,0) -> 38380 | Z26: =+Y26+X26 -> 240380 | AA26: =+Z26*C26 -> 4807600 | AC26: =+MIN(I26,O26,U26) -> 71400 | AD26: =+MAX(I26,O26,U26) -> 572390 | AE26: =+AVERAGE(I26,O26,U26) -> 240380 | AF26: =+STDEVP(I26,O26,U26) -> 234779.09 | AG26: =AF26/AE26 -> 0.97669976
A27: 6 | B27: CABLE BALANCEDA 1/4" TRS MACHO A XLR MACHO 2MTS | C27: 6 | D27: PROFESIONAL PARA TRAFICO PESADO DE MINIMO 1 METRO | F27: Generico | G27: 57000 | H27: =ROUND(G27*19%,0) -> 10830 | I27: =G27+H27 -> 67830 | J27: =I27*C27 -> 406980 | L27: Generico | M27: 53000 | N27: =ROUND(M27*19%,0) -> 10070 | O27: =M27+N27 -> 63070 | P27: =+O27*C27 -> 378420 | R27: PROEL | S27: 23300 | T27: =ROUND(S27*19%,0) -> 4427 | U27: =+T27+S27 -> 27727 | V27: =+U27*C27 -> 166362 | X27: =ROUND(AVERAGE(G27,M27,S27),0) -> 44433 | Y27: =ROUND(X27*0.19,0) -> 8442 | Z27: =+Y27+X27 -> 52875 | AA27: =+Z27*C27 -> 317250 | AC27: =+MIN(I27,O27,U27) -> 27727 | AD27: =+MAX(I27,O27,U27) -> 67830 | AE27: =+AVERAGE(I27,O27,U27) -> 52875.667 | AF27: =+STDEVP(I27,O27,U27) -> 17888.655 | AG27: =AF27/AE27 -> 0.33831545
A28: 7 | B28: CABLE 1/4" T/S MACHO A XLR FEMALE HEMBRA 2MTS | C28: 6 | D28: PROFESIONAL PARA TRAFICO PESADO DE MINIMO 1 METRO | F28: Generico | G28: 57000 | H28: =ROUND(G28*19%,0) -> 10830 | I28: =G28+H28 -> 67830 | J28: =I28*C28 -> 406980 | L28: Generico | M28: 53000 | N28: =ROUND(M28*19%,0) -> 10070 | O28: =M28+N28 -> 63070 | P28: =+O28*C28 -> 378420 | R28: PROEL | S28: 24500 | T28: =ROUND(S28*19%,0) -> 4655 | U28: =+T28+S28 -> 29155 | V28: =+U28*C28 -> 174930 | X28: =ROUND(AVERAGE(G28,M28,S28),0) -> 44833 | Y28: =ROUND(X28*0.19,0) -> 8518 | Z28: =+Y28+X28 -> 53351 | AA28: =+Z28*C28 -> 320106 | AC28: =+MIN(I28,O28,U28) -> 29155 | AD28: =+MAX(I28,O28,U28) -> 67830 | AE28: =+AVERAGE(I28,O28,U28) -> 53351.667 | AF28: =+STDEVP(I28,O28,U28) -> 17219.628 | AG28: =AF28/AE28 -> 0.32275709
A29: 8 | B29: CLABE RCA MACHO A XLR MACHO 2MTS | C29: 6 | D29: PROFESIONAL PARA TRAFICO PESADO DE MINIMO 10 METRO | F29: Generico | G29: 114000 | H29: =ROUND(G29*19%,0) -> 21660 | I29: =G29+H29 -> 135660 | J29: =I29*C29 -> 813960 | L29: Generico | M29: 105000 | N29: =ROUND(M29*19%,0) -> 19950 | O29: =M29+N29 -> 124950 | P29: =+O29*C29 -> 749700 | R29: PROEL | S29: 43000 | T29: =ROUND(S29*19%,0) -> 8170 | U29: =+T29+S29 -> 51170 | V29: =+U29*C29 -> 307020 | X29: =ROUND(AVERAGE(G29,M29,S29),0) -> 87333 | Y29: =ROUND(X29*0.19,0) -> 16593 | Z29: =+Y29+X29 -> 103926 | AA29: =+Z29*C29 -> 623556 | AC29: =+MIN(I29,O29,U29) -> 51170 | AD29: =+MAX(I29,O29,U29) -> 135660 | AE29: =+AVERAGE(I29,O29,U29) -> 103926.67 | AF29: =+STDEVP(I29,O29,U29) -> 37559.956 | AG29: =AF29/AE29 -> 0.36140826
A30: 9 | B30: CABLE DOBLE DE AUDIO ESTÉREO TS MACHO DE 1/4 "A DOBLE RCA MACHO 2MTS | C30: 4 | D30: PROFESIONAL PARA TRAFICO PESADO DE MINIMO 10 METRO | F30: Generico | G30: 100000 | H30: =ROUND(G30*19%,0) -> 19000 | I30: =G30+H30 -> 119000 | J30: =I30*C30 -> 476000 | L30: Generico | M30: 90000 | N30: =ROUND(M30*19%,0) -> 17100 | O30: =M30+N30 -> 107100 | P30: =+O30*C30 -> 428400 | R30: PROEL | S30: 35600 | T30: =ROUND(S30*19%,0) -> 6764 | U30: =+T30+S30 -> 42364 | V30: =+U30*C30 -> 169456 | X30: =ROUND(AVERAGE(G30,M30,S30),0) -> 75200 | Y30: =ROUND(X30*0.19,0) -> 14288 | Z30: =+Y30+X30 -> 89488 | AA30: =+Z30*C30 -> 357952 | AC30: =+MIN(I30,O30,U30) -> 42364 | AD30: =+MAX(I30,O30,U30) -> 119000 | AE30: =+AVERAGE(I30,O30,U30) -> 89488 | AF30: =+STDEVP(I30,O30,U30) -> 33673.986 | AG30: =AF30/AE30 -> 0.37629611
A31: 15 | B31: CABLES XLR MACHO A XLR HEMBRA DE 5 METROS | C31: 4 | D31: • Cables XLR macho a XLR hembra de 5 metros • Cable de micrófono flexible profesional de alta resistencia • Alta densidad para señal de audio • Largo: 5 m | F31: Generico | G31: 86000 | H31: =ROUND(G31*19%,0) -> 16340 | I31: =G31+H31 -> 102340 | J31: =I31*C31 -> 409360 | L31: Generico | M31: 80000 | N31: =ROUND(M31*19%,0) -> 15200 | O31: =M31+N31 -> 95200 | P31: =+O31*C31 -> 380800 | R31: PROEL | S31: 71000 | T31: =ROUND(S31*19%,0) -> 13490 | U31: =+T31+S31 -> 84490 | V31: =+U31*C31 -> 337960 | X31: =ROUND(AVERAGE(G31,M31,S31),0) -> 79000 | Y31: =ROUND(X31*0.19,0) -> 15010 | Z31: =+Y31+X31 -> 94010 | AC31: =+MIN(I31,O31,U31) -> 84490 | AD31: =+MAX(I31,O31,U31) -> 102340 | AE31: =+AVERAGE(I31,O31,U31) -> 94010 | AF31: =+STDEVP(I31,O31,U31) -> 7335.6527
A32: 16 | B32: CABLES XLR MACHO A XLR HEMBRA DE 1 METRO | C32: 4 | D32: • Cables XLR macho a XLR hembra de 1 metro • Cable de micrófono flexible profesional de alta resistencia • Alta densidad para señal de audio • Largo: 1 m | F32: Generico | G32: 50000 | H32: =ROUND(G32*19%,0) -> 9500 | I32: =G32+H32 -> 59500 | J32: =I32*C32 -> 238000 | L32: Generico | M32: 46000 | N32: =ROUND(M32*19%,0) -> 8740 | O32: =M32+N32 -> 54740 | P32: =+O32*C32 -> 218960 | R32: PROEL | S32: 56000 | T32: =ROUND(S32*19%,0) -> 10640 | U32: =+T32+S32 -> 66640 | V32: =+U32*C32 -> 266560 | X32: =ROUND(AVERAGE(G32,M32,S32),0) -> 50667 | Y32: =ROUND(X32*0.19,0) -> 9627 | Z32: =+Y32+X32 -> 60294 | AC32: =+MIN(I32,O32,U32) -> 54740 | AD32: =+MAX(I32,O32,U32) -> 66640 | AE32: =+AVERAGE(I32,O32,U32) -> 60293.333 | AF32: =+STDEVP(I32,O32,U32) -> 4890.4351
A33: 10 | B33: EXTENSIÓN DE CORRIENTE | C33: 3 | D33: • Conector de macho a hembra de 3 pines • Diseño resistente • Longitud de 5 metros mínimo | F33: Generico | G33: 79000 | H33: =ROUND(G33*19%,0) -> 15010 | I33: =G33+H33 -> 94010 | J33: =I33*C33 -> 282030 | L33: Generico | M33: 72000 | N33: =ROUND(M33*19%,0) -> 13680 | O33: =M33+N33 -> 85680 | P33: =+O33*C33 -> 257040 | R33: GENERICA | S33: 78000 | T33: =ROUND(S33*19%,0) -> 14820 | U33: =+T33+S33 -> 92820 | V33: =+U33*C33 -> 278460 | X33: =ROUND(AVERAGE(G33,M33,S33),0) -> 76333 | Y33: =ROUND(X33*0.19,0) -> 14503 | Z33: =+Y33+X33 -> 90836 | AA33: =+Z33*C33 -> 272508 | AC33: =+MIN(G33,M33,S33) -> 72000 | AD33: =+MAX(G33,M33,S33) -> 79000 | AE33: =+AVERAGE(G33,M33,S33) -> 76333.333 | AF33: =+STDEVP(I33,O33,U33) -> 3678.5353 | AG33: =AF33/AE33 -> 0.048190419
A34: 11 | B34: CABLE XLR MACHO A PLUG 1/4 MACHO DE 10 METROS | C34: 2 | D34: • Cables XLR macho a PLUG macho de 10 metros • Cable de micrófono flexible profesional de alta resistencia • Alta densidad para señal de audio • Largo: 10 m | F34: Generico | G34: 123000 | H34: =ROUND(G34*19%,0) -> 23370 | I34: =G34+H34 -> 146370 | J34: =I34*C34 -> 292740 | L34: Generico | M34: 115000 | N34: =ROUND(M34*19%,0) -> 21850 | O34: =M34+N34 -> 136850 | P34: =+O34*C34 -> 273700 | R34: PROEL | S34: 51200 | T34: =ROUND(S34*19%,0) -> 9728 | U34: =+T34+S34 -> 60928 | V34: =+U34*C34 -> 121856 | X34: =ROUND(AVERAGE(G34,M34,S34),0) -> 96400 | Y34: =ROUND(X34*0.19,0) -> 18316 | Z34: =+Y34+X34 -> 114716 | AA34: =+Z34*C34 -> 229432 | AC34: =+MIN(G34,M34,S34) -> 51200 | AD34: =+MAX(G34,M34,S34) -> 123000 | AE34: =+AVERAGE(G34,M34,S34) -> 96400 | AF34: =+STDEVP(I34,O34,U34) -> 38231.918 | AG34: =AF34/AE34 -> 0.39659666
A35: 12 | B35: CABLE XLR MACHO A PLUG 1/4 MACHO DE 10 METROS | C35: 2 | D35: • Cables XLR macho a PLUG macho de 10 metros • Cable de micrófono flexible profesional de alta resistencia • Alta densidad para señal de audio • Largo: 10 m | F35: Generico | G35: 123000 | H35: =ROUND(G35*19%,0) -> 23370 | I35: =G35+H35 -> 146370 | J35: =I35*C35 -> 292740 | L35: Generico | M35: 115000 | N35: =ROUND(M35*19%,0) -> 21850 | O35: =M35+N35 -> 136850 | P35: =+O35*C35 -> 273700 | R35: PROEL | S35: 51200 | T35: =ROUND(S35*19%,0) -> 9728 | U35: =+T35+S35 -> 60928 | V35: =+U35*C35 -> 121856 | X35: =ROUND(AVERAGE(G35,M35,S35),0) -> 96400 | Y35: =ROUND(X35*0.19,0) -> 18316 | Z35: =+Y35+X35 -> 114716 | AA35: =+Z35*C35 -> 229432 | AC35: =+MIN(G35,M35,S35) -> 51200 | AD35: =+MAX(G35,M35,S35) -> 123000 | AE35: =+AVERAGE(G35,M35,S35) -> 96400 | AF35: =+STDEVP(I35,O35,U35) -> 38231.918 | AG35: =AF35/AE35 -> 0.39659666
A36: 20 | B36: CLABE MIC-R ENTRADA MICRÓFONO XLR (HEMABRA) A PLUG 1/8 DISPOSITIVOS MÓVILES | C36: 3 | D36: • Mínimo 2 mts de largo, Permite habilitar entrada de micrófono XLR mediante la conexión de auriculares de cualquier dispositivo móvil para conectar micrófonos dinámicos | F36: Generico | G36: 50000 | H36: =ROUND(G36*19%,0) -> 9500 | I36: =G36+H36 -> 59500 | J36: =I36*C36 -> 178500 | L36: Generico | M36: 46000 | N36: =ROUND(M36*19%,0) -> 8740 | O36: =M36+N36 -> 54740 | P36: =+O36*C36 -> 164220 | T36: =ROUND(S36*19%,0) -> 0 | U36: =+T36+S36 -> 0 | V36: =+U36*C36 -> 0 | X36: =ROUND(AVERAGE(G36,M36,S36),0) -> 48000 | Y36: =ROUND(X36*0.19,0) -> 9120 | Z36: =+Y36+X36 -> 57120 | AA36: =+Z36*C36 -> 171360 | AC36: =+MIN(G36,M36,S36) -> 46000 | AD36: =+MAX(G36,M36,S36) -> 50000 | AE36: =+AVERAGE(G36,M36,S36) -> 48000 | AF36: =+STDEVP(I36,O36) -> 2380 | AG36: =AF36/AE36 -> 0.049583333
A37: 13 | B37: MULTITOMAS | C37: 5 | D37: Uso Pesado 8 Salidas con Supresor, voltaje desde 50 hz | F37: Generico | G37: 120000 | H37: =ROUND(G37*19%,0) -> 22800 | I37: =G37+H37 -> 142800 | J37: =I37*C37 -> 714000 | L37: Generico | M37: 110000 | N37: =ROUND(M37*19%,0) -> 20900 | O37: =M37+N37 -> 130900 | P37: =+O37*C37 -> 654500 | R37: PANAMAX | S37: 128000 | T37: =ROUND(S37*19%,0) -> 24320 | U37: =+T37+S37 -> 152320 | V37: =+U37*C37 -> 761600 | X37: =ROUND(AVERAGE(G37,M37,S37),0) -> 119333 | Y37: =ROUND(X37*0.19,0) -> 22673 | Z37: =+Y37+X37 -> 142006 | AA37: =+Z37*C37 -> 710030 | AC37: =+MIN(G37,M37,S37) -> 110000 | AD37: =+MAX(G37,M37,S37) -> 128000 | AE37: =+AVERAGE(G37,M37,S37) -> 119333.33 | AF37: =+STDEVP(I37,O37,U37) -> 8762.6531 | AG37: =AF37/AE37 -> 0.073430054
A38: OFICINA DE ALTA CONSEJERIA DE LAS VICTIMAS | X38: =ROUND(AVERAGE(G38,M38,S38),0) -> #DIV/0! | Y38: =ROUND(X38*0.19,0) -> #DIV/0! | Z38: =+Y38+X38 -> #DIV/0! | AA38: =+Z38*C38 -> #DIV/0! | AC38: =+MIN(G38,M38,S38) -> 0 | AD38: =+MAX(G38,M38,S38) -> 0 | AE38: =+AVERAGE(G38,M38,S38) -> #DIV/0! | AG38: =AF38/AE38 -> #DIV/0!
A39: ÍTEM | B39: EQUIPOS | C39: CANTIDAD | D39: ESPECIFICACIONES TECNICAS | F39: MARCA | G39: VALOR UNITARIO | H39: TARIFA IVA % | I39: VALOR UNITARIO INCLUIDO IVA | J39: VALOR TOTAL | L39: MARCA | M39: VALOR UNITARIO | N39: TARIFA IVA % | O39: VALOR UNITARIO INCLUIDO IVA | P39: VALOR TOTAL | R39: MARCA | S39: VALOR UNITARIO | T39: TARIFA IVA % | U39: VALOR UNITARIO INCLUIDO IVA | V39: VALOR TOTAL | X39: =ROUND(AVERAGE(G39,M39,S39),0) -> #DIV/0! | Y39: =ROUND(X39*0.19,0) -> #DIV/0! | Z39: =+Y39+X39 -> #DIV/0! | AA39: =+Z39*C39 -> #DIV/0! | AC39: =+MIN(G39,M39,S39) -> 0 | AD39: =+MAX(G39,M39,S39) -> 0 | AE39: =+AVERAGE(G39,M39,S39) -> #DIV/0! | AG39: =AF39/AE39 -> #DIV/0!
A40: 14 | B40: MICRÓFONO PARA CELULAR | C40: 1 | D40: • Para smartphones soporte de zapata Rango de frecuencia entre 100HZ - 20kHZ _x000D_ • SPL máximo: 140dB SPL (a 1kHZ) Salida Mono (misma salida izquierda a derecha) Supercardioide direccional _x000D_ • salida Minijack estéreo Principio acústico: gradiente de presión Electrónica activa: convertidor de impedancia JFET Cápsula: 0.50" 0.60"_x000D_ • Patrón polar: cardiode _x000D_ • Tipo de dirección: Fin Sensibilidad: -33.0dB re 1 Volt / pascal _x000D_ • Nivel de ruido: (ponderado A): 20dB-A_x000D_ | F40: Rode VideoMic Me | G40: 405000 | H40: =ROUND(G40*19%,0) -> 76950 | I40: =G40+H40 -> 481950 | J40: =I40*C40 -> 481950 | L40: Rode VideoMic Me | M40: 365000 | N40: =ROUND(M40*19%,0) -> 69350 | O40: =M40+N40 -> 434350 | P40: =+O40*C40 -> 434350 | U40: =ROUND(S40+S40*T40,0) -> 0 | V40: =P40*U40 -> 0 | X40: =ROUND(AVERAGE(G40,M40,S40),0) -> 385000 | Y40: =ROUND(X40*0.19,0) -> 73150 | Z40: =+Y40+X40 -> 458150 | AA40: =+Z40*C40 -> 458150 | AC40: =+MIN(G40,M40,S40) -> 365000 | AD40: =+MAX(G40,M40,S40) -> 405000 | AE40: =+AVERAGE(G40,M40,S40) -> 385000 | AF40: =+STDEVP(I40,O40) -> 23800 | AG40: =AF40/AE40 -> 0.061818182
A41: 15 | B41: MICRÓFONO DE SOLAPA | C41: 1 | D41: • Kit compuesto de: 2 receptores bodypack, 2 transmisores bodypack, 2 clip-on micrófonos lavalier, 2 micrófonos lavalier VT500, 1 micrófono omnidireccional de mano, 1 Transmisor plug-on para micrófono de mano, 1 maleta para transmisor plug-on micrófono de mano, 1 Cubo para micrófono, 1 Soporte en V para cámara, 1 Maleta dura con insertos en espuma. • Diseñados para ser montados en cámara, lavalier HDX ancho de banda FM • Rango de frecuencia portador RF A1 (470-516 MHz) 10 + 1 banco de usuario, 12 presets por banco • Rango aproximado de trabajo 490’ máximo • Respuesta general de frecuencia 40 Hz – 18 kHz • Relación de señal a ruido más grande de 110 dB • Número de canales 1680 • Salida de poder RF 30 mW | F41: Sennheiser EW 100 G4 Kit | G41: 9150000 | H41: =ROUND(G41*19%,0) -> 1738500 | I41: =G41+H41 -> 10888500 | J41: =I41*C41 -> 10888500 | L41: Sennheiser EW 100 G4 Kit | M41: 8400000 | N41: =ROUND(M41*19%,0) -> 1596000 | O41: =M41+N41 -> 9996000 | P41: =+O41*C41 -> 9996000 | U41: =ROUND(S41+S41*T41,0) -> 0 | V41: =P41*U41 -> 0 | X41: =ROUND(AVERAGE(G41,M41,S41),0) -> 8775000 | Y41: =ROUND(X41*0.19,0) -> 1667250 | Z41: =+Y41+X41 -> 10442250 | AA41: =+Z41*C41 -> 10442250 | AC41: =+MIN(G41,M41,S41) -> 8400000 | AD41: =+MAX(G41,M41,S41) -> 9150000 | AE41: =+AVERAGE(G41,M41) -> 8775000 | AF41: =+STDEVP(I41,O41) -> 446250 | AG41: =AF41/AE41 -> 0.050854701
A42: 16 | B42: AUDIFONOS DE DIADEMA CON MICROFONO INTEGRADO | C42: 7 | D42: PUERTO USB Funcional con tablets, smartphones, Pc y otros dispositivos con conectividad. | F42: Logitech H390 USB Computer Headset | G42: 405000 | H42: =ROUND(G42*19%,0) -> 76950 | I42: =G42+H42 -> 481950 | J42: =I42*C42 -> 3373650 | L42: Logitech H390 USB Computer Headset | M42: 365000 | N42: =ROUND(M42*19%,0) -> 69350 | O42: =M42+N42 -> 434350 | P42: =+O42*C42 -> 3040450 | U42: =ROUND(S42+S42*T42,0) -> 0 | V42: =P42*U42 -> 0 | X42: =ROUND(AVERAGE(G42,M42,S42),0) -> 385000 | Y42: =ROUND(X42*0.19,0) -> 73150 | Z42: =+Y42+X42 -> 458150 | AA42: =+Z42*C42 -> 3207050 | AC42: =+MIN(G42,M42,S42) -> 365000 | AD42: =+MAX(G42,M42,S42) -> 405000 | AE42: =+AVERAGE(G42,M42,S42) -> 385000 | AF42: =+STDEVP(I42,O42) -> 23800 | AG42: =AF42/AE42 -> 0.061818182
X43: TOTAL | AA43: =+AA17+AA21+AA22+AA23+AA25+AA27+AA28+AA29+AA30+AA33+AA34+AA35+AA37+AA40+AA41+AA42 -> 39471104
A45: Se recibieron tres cotizaciones . La propuesta que presentamos frente a la presente constancia de estudio de mercado, es tomar el valor promedio entre las cotizaciones recibidas, teniendo en cuenta que el monto es acorde al comportamiento del mercado. VALOR PARA EL LOTE 1: $ 14.947.982 INCLUIDO IVA

Sheet PRECIOS TECHO LOTE 1
A1: DESPACHO ALCALDESA (SUBDIRECCION DE SERVICIOS ADMISNISTRATIVOS)
A2: ALCALDÍA MAYOR DE BOGOTÁ Secretaría General Subdirección de Servicios Administrativos CONSTANCIA DE ESTUDIO DE MERCADO
A3: FECHA DE ELABORACIÓN: 3/11/2020 | D3: LA SUBDIRECCIÓN DE SERVICIOS ADMINISTRATIVOS DE LA SECRETARIA GENERAL DE BOGOTA D.C , EFECTUO LA CONSULTA DE PRECIOS DE MERCADO PARA ADELANTAR UN PROCESO DE SELECCIÓN ABREVIADA SUBASTA INVERSA ANALIZANDO LAS SIGUIENTES VARIABLES
A4: Objeto: Adquisición, instalación y puesta en funcionamiento de los equipos de audio vídeo e iluminación para la operación de las sedes de la Secretaría General de la Alcaldía Mayor D.C.
C6: MEDIO | G6: CANTIDAD
C7: Correo Electrónico | G7: 3
C8: Comunicación Escrita | G8: 0
C9: Archivos Historicos de la Entidad (contratos o procesos años anteriores) | G9: 0
A10: Como se detalla a continuación, la consulta para la realización del Estudio de Mercado del proceso en mención, se observa que lo cotizado corresponde al objeto a contratar en todos sus componentes y que a su vez se ajusta a las condiciones y/o especificaciones contenidas en los estudios previos:
A15: ÍTEM | B15: EQUIPOS | C15: CANTIDAD | D15: ESPECIFICACIONES TÉCNICAS | E15: VALOR UNITARIO INCLUIDO IVA | F15: PRESUPUESTO
A32: 17 | B32: EXTENSIÓN DE CORRIENTE | C32: 3 | D32: • Conector de macho a hembra de 3 pines • Diseño resistente • Longitud de 5 metros mínimo | E32: =+'LOTE 1'!Z33 -> 90836 | F32: =+E32*C32 -> 272508
A36: 21 | B36: MULTITOMAS | C36: 4 | D36: Uso Pesado 8 Salidas con Supresor, voltaje desde 50 hz | E36: =+'LOTE 1'!Z37 -> 142006 | F36: =+E36*C36 -> 568024
A37: OFICINA DE ALTA CONSEJERIA DE LAS VICTIMAS
A38: ÍTEM | B38: EQUIPOS | C38: CANTIDAD | D38: ESPECIFICACIONES TECNICAS
A39: 22 | B39: MICRÓFONO PARA CELULAR | C39: 1 | D39: • Para smartphones soporte de zapata Rango de frecuencia entre 100HZ - 20kHZ _x000D_ • SPL máximo: 140dB SPL (a 1kHZ) Salida Mono (misma salida izquierda a derecha) Supercardioide direccional _x000D_ • salida Minijack estéreo Principio acústico: gradiente de presión Electrónica activa: convertidor de impedancia JFET Cápsula: 0.50" 0.60"_x000D_ • Patrón polar: cardiode _x000D_ • Tipo de dirección: Fin Sensibilidad: -33.0dB re 1 Volt / pascal _x000D_ • Nivel de ruido: (ponderado A): 20dB-A_x000D_ | E39: =+'LOTE 1'!AA40 -> 458150 | F39: =+E39*C39 -> 458150
A40: 23 | B40: MICRÓFONO DE SOLAPA | C40: 1 | D40: • Kit compuesto de: 2 receptores bodypack, 2 transmisores bodypack, 2 clip-on micrófonos lavalier, 2 micrófonos lavalier VT500, 1 micrófono omnidireccional de mano, 1 Transmisor plug-on para micrófono de mano, 1 maleta para transmisor plug-on micrófono de mano, 1 Cubo para micrófono, 1 Soporte en V para cámara, 1 Maleta dura con insertos en espuma. • Diseñados para ser montados en cámara, lavalier HDX ancho de banda FM • Rango de frecuencia portador RF A1 (470-516 MHz) 10 + 1 banco de usuario, 12 presets por banco • Rango aproximado de trabajo 490’ máximo • Respuesta general de frecuencia 40 Hz – 18 kHz • Relación de señal a ruido más grande de 110 dB • Número de canales 1680 • Salida de poder RF 30 mW | E40: =+'LOTE 1'!AA41 -> 10442250 | F40: =+E40*C40 -> 10442250
A41: 24 | B41: AUDIFONOS DE DIADEMA CON MICROFONO INTEGRADO | C41: 7 | D41: PUERTO USB Funcional con tablets, smartphones, Pc y otros dispositivos con conectividad. | E41: =+'LOTE 1'!Z42 -> 458150 | F41: =+E41*C41 -> 3207050
A42: TOTAL PRESUPUESTO LOTE 1 | F42: =SUM(F16:F41) -> 14947982

Sheet LOTE 2
A1: ALCALDÍA MAYOR DE BOGOTÁ Secretaría General Subdirección de Servicios Administrativos CONSTANCIA DE ESTUDIO DE MERCADO
A2: FECHA DE ELABORACIÓN: 3/11/2020 | D2: LA SUBDIRECCIÓN DE SERVICIOS ADMINISTRATIVOS DE LA SECRETARIA GENERAL DE BOGOTA D.C , EFECTUO LA CONSULTA DE PRECIOS DE MERCADO PARA ADELANTAR UN PROCESO DE SELECCIÓN ABREVIADA SUBASTA INVERSA ANALIZANDO LAS SIGUIENTES VARIABLES
A3: Objeto: Adquisición, instalación y puesta en funcionamiento de los equipos de audio vídeo e iluminación para la operación de las sedes de la Secretaría General de la Alcaldía Mayor D.C.
C5: MEDIO | G5: CANTIDAD
C6: Correo Electrónico | G6: 4
C7: Comunicación Escrita | G7: 0
C8: Archivos Historicos de la Entidad (contratos o procesos años anteriores) | G8: 0
A9: Como se detalla a continuación, la consulta para la realización del Estudio de Mercado del proceso en mención, se observa que lo cotizado corresponde al objeto a contratar en todos sus componentes y que a su vez se ajusta a las condiciones y/o especificaciones contenidas en los estudios previos:
A15: LOTE 2 Adquisición, instalación y puesta en funcionamiento de los equipos de VIDEO para las sedes y operación de la Secretaría General de la Alcaldía Mayor D.C.
A16: ALTA CONSEJERÍA PARA LOS DERECHOS DE LAS VÍCTIMAS
F17: VOXCOM | L17: IMPREAMIL | R17: PROTECNO AVI | X17: IMPORTADORA GRR | AD17: ECUACIÓN ARITMETICA | AI17: ESTADISTICA
A18: ÍTEM | B18: EQUIPOS | D18: CANTIDAD | F18: MARCA | G18: VALOR UNITARIO | H18: TARIFA IVA % | I18: VALOR UNITARIO INCLUIDO IVA | J18: VALOR TOTAL | L18: MARCA | M18: VALOR UNITARIO | N18: TARIFA IVA % | O18: VALOR UNITARIO INCLUIDO IVA | P18: VALOR TOTAL | X18: MARCA | Y18: VALOR UNITARIO | Z18: TARIFA IVA % | AA18: VALOR UNITARIO INCLUIDO IVA | AB18: VALOR TOTAL | AD18: VALOR UNITARIO (2) | AE18: IVA (3) | AF18: VR. TOTAL CON (IVA) (2+3) | AG18: VALOR TOTAL | AI18: MENOR | AJ18: MAXIMO | AK18: PROMEDIO | AL18: DESVIACIÓN ESTANDAR | AM18: %
A19: 1 | B19: MULTITOMAS (CON CORTAPICOS) | C19: • Cable de 3 pies _x000D_ • Cantidad de tomas de salida: 6.0_x000D_ • Entrada de voltaje: 120V_x000D_ | D19: 4 | F19: Generico | G19: 65000 | H19: =ROUND(G19*19%,0) -> 12350 | I19: =G19+H19 -> 77350 | J19: =I19*D19 -> 309400 | L19: Generico | M19: 60000 | N19: =ROUND(M19*19%,0) -> 11400 | O19: =M19+N19 -> 71400 | P19: =O19*D19 -> 285600 | X19: FURMAN | Y19: 162000 | Z19: =ROUND(Y19*19%,0) -> 30780 | AA19: =+Z19+Y19 -> 192780 | AB19: =+AA19*D19 -> 771120 | AD19: =ROUND(AVERAGE(G19,M19,Y19),0) -> 95667 | AE19: =ROUND(AD19*0.19,0) -> 18177 | AF19: =+AE19+AD19 -> 113844 | AG19: =+AF19*D19 -> 455376 | AI19: =+MIN(G19,M19,Y19) -> 60000 | AJ19: =+MAX(G19,M19,Y19) -> 162000 | AK19: =+AVERAGE(G19,M19,Y19) -> 95666.667 | AL19: =+STDEVP(G19,M19,Y19) -> 46949.145 | AM19: =AL19/AK19 -> 0.49075761
A20: 2 | B20: TRÍPODE PARA CELULAR | C20: • Ultra extensible 49," Rápido con cerradura – sin torsión de cerradura – Durable/agarre seguro y antideslizante mango de goma _x000D_ • Rápida conexión Bluetooth mando a distancia: uso con diferentes dispositivos: iPhone, Android, cámara digital Compatible con iPhone IOS y Android 4.3 o posterior Batería recargable_x000D_ • 300 horas en espera, 1 hora de carga completa. _x000D_ • Equipado con non- Skid Pies, para más seguridad y reliablity. _x000D_ • Trípode profesional de alta calidad para_x000D_ | D20: 1 | F20: Generico | G20: 350000 | H20: =ROUND(G20*19%,0) -> 66500 | I20: =G20+H20 -> 416500 | J20: =I20*D20 -> 416500 | L20: Generico | M20: 325000 | N20: =ROUND(M20*19%,0) -> 61750 | O20: =M20+N20 -> 386750 | P20: =O20*D20 -> 386750 | X20: LUMEN | Y20: 180000 | Z20: =ROUND(Y20*19%,0) -> 34200 | AA20: =+Z20+Y20 -> 214200 | AB20: =+AA20*D20 -> 214200 | AD20: =ROUND(AVERAGE(G20,M20,Y20),0) -> 285000 | AE20: =ROUND(AD20*0.19,0) -> 54150 | AF20: =+AE20+AD20 -> 339150 | AG20: =+AF20*D20 -> 339150 | AI20: =+MIN(G20,M20,Y20) -> 180000 | AJ20: =+MAX(G20,M20,Y20) -> 350000 | AK20: =+AVERAGE(G20,M20,Y20) -> 285000 | AL20: =+STDEVP(G20,M20,Y20) -> 74944.424 | AM20: =AL20/AK20 -> 0.26296289
A21: 3 | B21: TRÍPODE PARA CÁMARA | C21: • Tipo de cabeza Cabeza de bola o de propiedad Inclinación lateral entre -45 ° a + 90 ° y -90 ° a + 40 ° Tipo de bloqueo de pierna Flip Lock _x000D_ • Posiciones de pierna 3 posiciones Extensión de pierna independiente si _x000D_ • Secciones de pierna entre 3 y 4 Capacidad de carga desde 11 libras _x000D_ • Altura máxima de trabajo 150 cm _x000D_ • Altura máxima sin columna central 133 cm _x000D_ • Altura mínima de trabajo 35 _x000D_ • Longitud plegada entre 40 cm y 60 cm _x000D_ • Materiales Aleación de aluminio_x000D_ | D21: 1 | F21: TRÍPODE DE ALUMINIO MANFROTTO BEFREE ADVANCED TRAVEL CON CABEZA ESFÉRICA 494 | G21: 950000 | H21: =ROUND(G21*19%,0) -> 180500 | I21: =G21+H21 -> 1130500 | J21: =I21*D21 -> 1130500 | L21: TRÍPODE DE ALUMINIO MANFROTTO BEFREE ADVANCED TRAVEL CON CABEZA ESFÉRICA 494 | M21: 900000 | N21: =ROUND(M21*19%,0) -> 171000 | O21: =M21+N21 -> 1071000 | P21: =O21*D21 -> 1071000 | X21: NEEWER | Y21: 674850 | Z21: =ROUND(Y21*19%,0) -> 128222 | AA21: =+Z21+Y21 -> 803072 | AB21: =+AA21*D21 -> 803072 | AD21: =ROUND(AVERAGE(G21,M21,Y21),0) -> 841617 | AE21: =ROUND(AD21*0.19,0) -> 159907 | AF21: =+AE21+AD21 -> 1001524 | AG21: =+AF21*D21 -> 1001524 | AI21: =+MIN(G21,M21,Y21) -> 674850 | AJ21: =+MAX(G21,M21,Y21) -> 950000 | AK21: =+AVERAGE(G21,M21,Y21) -> 841616.67 | AL21: =+STDEVP(G21,M21,Y21) -> 119675.51 | AM21: =AL21/AK21 -> 0.14219717
A22: 4 | B22: CAMARA (COMPATIBLE CON ELEMETOS Y AEXISTENTES EN LA ENTIDAD) | C22: • Sensor entre 22 megapixeles y 32 megapixeles _x000D_ • Disparos continuos entre de 6 fps y 7 fps _x000D_ • Con o sin GPS incorporado y Wi-Fi con NFC _x000D_ • Monitor LCD con pantalla táctil entre 3.2 _x000D_ • Ranura para tarjeta de memoria Ranura 1: SD / SDHC / SDXC (UHS-I) Ranura 2: CompactFlash (UDMA 7) _x000D_ • Conectividad Auriculares de 3,5 mm_x000D_ • Micrófono de 3.5 mmCanon N3, HDMI C (Mini)_x000D_ | D22: 2 | F22: Canon 5D Mark V | G22: 22520000 | H22: =ROUND(G22*19%,0) -> 4278800 | I22: =G22+H22 -> 26798800 | J22: =I22*D22 -> 53597600 | L22: Canon 5D Mark V | M22: 21000000 | N22: =ROUND(M22*19%,0) -> 3990000 | O22: =M22+N22 -> 24990000 | P22: =O22*D22 -> 49980000 | X22: CANON | Y22: 12900000 | Z22: =ROUND(Y22*19%,0) -> 2451000 | AA22: =+Z22+Y22 -> 15351000 | AB22: =+AA22*D22 -> 30702000 | AD22: =ROUND(AVERAGE(G22,M22,Y22),0) -> 18806667 | AE22: =ROUND(AD22*0.19,0) -> 3573267 | AF22: =+AE22+AD22 -> 22379934 | AG22: =+AF22*D22 -> 44759868 | AI22: =+MIN(G22,M22,Y22) -> 12900000 | AJ22: =+MAX(G22,M22,Y22) -> 22520000 | AK22: =+AVERAGE(G22,M22,Y22) -> 18806667 | AL22: =+STDEVP(G22,M22,Y22) -> 4222490 | AM22: =AL22/AK22 -> 0.22452092
A23: 4 | B23: FLASH SPEEDLITE COMPATIBLE CON EL ITEM 4 | C23: • Número de guía 196.85 '/ 60 ma ISO 100 (posición de 200 mm) _x000D_ • Cobertura Fotograma completo de 20 a 200 mm Cabeza de rebote -7 a + 90 ° Cabeza giratoria 360 ° _x000D_ • Duración del flash 1/200 a 1/20000 Segundo Tiempo de reciclaje Aprox. 3 segundos _x000D_ • Iluminación secundaria Ninguna_x000D_ | D23: 1 | F23: Flash Yongnuo YN685 TTL | G23: 850000 | H23: =ROUND(G23*19%,0) -> 161500 | I23: =G23+H23 -> 1011500 | J23: =I23*D23 -> 1011500 | L23: Flash Yongnuo YN685 TTL | M23: 800000 | N23: =ROUND(M23*19%,0) -> 152000 | O23: =M23+N23 -> 952000 | P23: =O23*D23 -> 952000 | X23: Speedlight | Y23: 607500 | Z23: =ROUND(Y23*19%,0) -> 115425 | AA23: =+Z23+Y23 -> 722925 | AB23: =+AA23*D23 -> 722925 | AD23: =ROUND(AVERAGE(G23,M23,Y23),0) -> 752500 | AE23: =ROUND(AD23*0.19,0) -> 142975 | AF23: =+AE23+AD23 -> 895475 | AG23: =+AF23*D23 -> 895475 | AI23: =+MIN(G23,M23,Y23) -> 607500 | AJ23: =+MAX(G23,M23,Y23) -> 850000 | AK23: =+AVERAGE(G23,M23,Y23) -> 752500 | AL23: =+STDEVP(G23,M23,Y23) -> 104542.65 | AM23: =AL23/AK23 -> 0.13892712
A24: 6 | B24: LENTE COMPATIBLE CON EL ITEM 4 | C24: • Longitud focal 70 a 200 mm_x000D_ • Apertura máxima f / 2.8_x000D_ • Apertura mínima f / 32_x000D_ • Montura del lente Canon EF_x000D_ • Compatibilidad de formato Fotograma completo_x000D_ • Punto de vista 34 ° a 12 °_x000D_ • Distancia mínima de enfoque 3.94 '/ 1.2 m_x000D_ • Aumento máximo 0.21x_x000D_ • Diseño óptico 23 elementos en 19 grupos_x000D_ • Hojas de diafragma 8, redondeado_x000D_ • Tipo de enfoque automático_x000D_ • Estabilización de imagen si_x000D_ • Collar de trípode Extraíble y giratorio_x000D_ • Tamaño de filtro 77 mm (delantero)_x000D_ | D24: 1 | F24: Conon EF 70-200 | G24: 18990000 | H24: =ROUND(G24*19%,0) -> 3608100 | I24: =G24+H24 -> 22598100 | J24: =I24*D24 -> 22598100 | L24: Conon EF 70-200 | M24: 17000000 | N24: =ROUND(M24*19%,0) -> 3230000 | O24: =M24+N24 -> 20230000 | P24: =O24*D24 -> 20230000 | X24: CANON | Y24: 5400000 | Z24: =ROUND(Y24*19%,0) -> 1026000 | AA24: =+Z24+Y24 -> 6426000 | AB24: =+AA24*D24 -> 6426000 | AD24: =ROUND(AVERAGE(G24,M24,Y24),0) -> 13796667 | AE24: =ROUND(AD24*0.19,0) -> 2621367 | AF24: =+AE24+AD24 -> 16418034 | AG24: =+AF24*D24 -> 16418034 | AI24: =+MIN(G24,M24,Y24) -> 5400000 | AJ24: =+MAX(G24,M24,Y24) -> 18990000 | AK24: =+AVERAGE(G24,M24,Y24) -> 13796667 | AL24: =+STDEVP(G24,M24,Y24) -> 5992664 | AM24: =AL24/AK24 -> 0.43435593
A25: 5 | B25: LENTE (COMPATIBLE CON ITEM 4) | C25: • Longitud focal 24 a 105 mm_x000D_ • Apertura máxima f / 4_x000D_ • Apertura mínima f / 22_x000D_ • Montura del lente Canon EF_x000D_ • Compatibilidad de formato Fotograma completo_x000D_ • Punto de vista 84 ° a 23 ° 20 '_x000D_ • Distancia mínima de enfoque 1.48 '/ 45 cm_x000D_ • Aumento máximo 0.24x_x000D_ • Diseño óptico 17 elementos en 12 grupos_x000D_ • Hojas de diafragma 10, redondeado_x000D_ • Tipo de enfoque automático_x000D_ • Estabilización de imagen si_x000D_ • Tamaño de filtro 77 mm (delantero)_x000D_ | D25: 2 | F25: Canon 24-105 | G25: 6850000 | H25: =ROUND(G25*19%,0) -> 1301500 | I25: =G25+H25 -> 8151500 | J25: =I25*D25 -> 16303000 | L25: Canon 24-105 | M25: 6300000 | N25: =ROUND(M25*19%,0) -> 1197000 | O25: =M25+N25 -> 7497000 | P25: =O25*D25 -> 14994000 | X25: CANON | Y25: 13875000 | Z25: =ROUND(Y25*19%,0) -> 2636250 | AA25: =+Z25+Y25 -> 16511250 | AB25: =+AA25*D25 -> 33022500 | AD25: =ROUND(AVERAGE(G25,M25,Y25),0) -> 9008333 | AE25: =ROUND(AD25*0.19,0) -> 1711583 | AF25: =+AE25+AD25 -> 10719916 | AG25: =+AF25*D25 -> 21439832 | AI25: =+MIN(G25,M25,Y25) -> 6300000 | AJ25: =+MAX(G25,M25,Y25) -> 13875000 | AK25: =+AVERAGE(G25,M25,Y25) -> 9008333.3 | AL25: =+STDEVP(G25,M25,Y25) -> 3448570.6 | AM25: =AL25/AK25 -> 0.38282004
A26: 6 | B26: ESTABILIZADOR ELECTRICO DE CÁMARA | C26: • Numero de ejes 3 ejes (cabeceo, balanceo, guiñada)_x000D_ • Rango de rotación Guiñada (panorámica): inclinación de 360 ° (inclinación): entre 280 ° y 320 ° _x000D_ • Rollo: entre 315 ° y 360 _x000D_ • Velocidad de seguimiento Pan: entre 120 y 180 ° / s_x000D_ • Inclinación: entre 120 y 180 ° / s_x000D_ • Rollo: entre 120 y 180 ° / s_x000D_ • Capacidad de carga desde 4,85 lb / 2,2 kg _x000D_ • Puertos 1 x entrada USB tipo C (alimentación) o Puertos 1 x USB Micro-B_x000D_ • Frecuencia inalámbrica Video: 2.4 GHz (2.4 - 2.483)_x000D_ • Protocolo inalámbrico Bluetooth 5.0 o 4.0 _x000D_ • Tipo de Batería 1 x incorporado_x000D_ | D26: 1 | F26: DJI Ronin-SC | G26: 2100000 | H26: =ROUND(G26*19%,0) -> 399000 | I26: =G26+H26 -> 2499000 | J26: =I26*D26 -> 2499000 | L26: DJI Ronin-SC | M26: 1950000 | N26: =ROUND(M26*19%,0) -> 370500 | O26: =M26+N26 -> 2320500 | P26: =O26*D26 -> 2320500 | X26: RONIN-S | Y26: 2977500 | Z26: =ROUND(Y26*19%,0) -> 565725 | AA26: =+Z26+Y26 -> 3543225 | AB26: =+AA26*D26 -> 3543225 | AD26: =ROUND(AVERAGE(G26,M26,Y26),0) -> 2342500 | AE26: =ROUND(AD26*0.19,0) -> 445075 | AF26: =+AE26+AD26 -> 2787575 | AG26: =+AF26*D26 -> 2787575 | AI26: =+MIN(G26,M26,Y26) -> 1950000 | AJ26: =+MAX(G26,M26,Y26) -> 2977500 | AK26: =+AVERAGE(G26,M26,Y26) -> 2342500 | AL26: =+STDEVP(G26,M26,Y26) -> 453169.39 | AM26: =AL26/AK26 -> 0.19345545
A27: 9 | B27: BATERIA COMPATIBLE CON ITEM 4 CON CARGADOR | C27: Compatible con las cámaras Canon EOS 7D Mark II, 7D, 5D Mark II, 5D Mark III, 5D Mark IV, 5DS, 5DS R, 60D, 60Da, 70D, 80D, 6D y 6D Mark II, Incluido el cargador | D27: 2 | F27: Canon LP-E6N | G27: 450000 | H27: =ROUND(G27*19%,0) -> 85500 | I27: =G27+H27 -> 535500 | J27: =I27*D27 -> 1071000 | L27: Canon LP-E6N | M27: 425000 | N27: =ROUND(M27*19%,0) -> 80750 | O27: =M27+N27 -> 505750 | P27: =O27*D27 -> 1011500 | X27: CANON | Y27: 517500 | Z27: =ROUND(Y27*19%,0) -> 98325 | AA27: =+Z27+Y27 -> 615825 | AB27: =+AA27*D27 -> 1231650 | AD27: =ROUND(AVERAGE(G27,M27,Y27),0) -> 464167 | AE27: =ROUND(AD27*0.19,0) -> 88192 | AF27: =+AE27+AD27 -> 552359 | AG27: =+AF27*D27 -> 1104718 | AI27: =+MIN(G27,M27,Y27) -> 425000 | AJ27: =+MAX(G27,M27,Y27) -> 517500 | AK27: =+AVERAGE(G27,M27,Y27) -> 464166.67 | AL27: =+STDEVP(G27,M27,Y27) -> 39069.027 | AM27: =AL27/AK27 -> 0.084170256
A28: 7 | B28: BATERIAS RECARGABLE CON CARGADOR | C28: • Tipo de Batería 4 x AA • Química de la batería NiMH • Voltaje de la batería 1,2 V • Capacidad minima (mAh) 3500mAh incluido cargador | D28: 4 | F28: Generica 3600Mah | G28: 45000 | H28: =ROUND(G28*19%,0) -> 8550 | I28: =G28+H28 -> 53550 | J28: =I28*D28 -> 214200 | L28: Generica 3600Mah | M28: 42500 | N28: =ROUND(M28*19%,0) -> 8075 | O28: =M28+N28 -> 50575 | P28: =O28*D28 -> 202300 | X28: BESTON | Y28: 52500 | Z28: =ROUND(Y28*19%,0) -> 9975 | AA28: =+Z28+Y28 -> 62475 | AB28: =+AA28*D28 -> 249900 | AD28: =ROUND(AVERAGE(G28,M28,Y28),0) -> 46667 | AE28: =ROUND(AD28*0.19,0) -> 8867 | AF28: =+AE28+AD28 -> 55534 | AG28: =+AF28*D28 -> 222136 | AI28: =+MIN(G28,M28,Y28) -> 42500 | AJ28: =+MAX(G28,M28,Y28) -> 52500 | AK28: =+AVERAGE(G28,M28,Y28) -> 46666.667 | AL28: =+STDEVP(G28,M28,Y28) -> 4249.1829 | AM28: =AL28/AK28 -> 0.09105392
A29: 8 | B29: TARJETA DE MEMORIA 64 GB EXTREME PRO SDXC UHS-I | C29: TARJETA DE MEMORIA 64 GB EXTREME PRO SDXC UHS-I Con adaptador | D29: 3 | F29: Sandisk Extreme PRO | G29: 150000 | H29: =ROUND(G29*19%,0) -> 28500 | I29: =G29+H29 -> 178500 | J29: =I29*D29 -> 535500 | L29: Sandisk Extreme PRO | M29: 140000 | N29: =ROUND(M29*19%,0) -> 26600 | O29: =M29+N29 -> 166600 | P29: =O29*D29 -> 499800 | X29: SCANDISK | Y29: 240000 | Z29: =ROUND(Y29*19%,0) -> 45600 | AA29: =+Z29+Y29 -> 285600 | AB29: =+AA29*D29 -> 856800 | AD29: =ROUND(AVERAGE(G29,M29,Y29),0) -> 176667 | AE29: =ROUND(AD29*0.19,0) -> 33567 | AF29: =+AE29+AD29 -> 210234 | AG29: =+AF29*D29 -> 630702 | AI29: =+MIN(G29,M29,Y29) -> 140000 | AJ29: =+MAX(G29,M29,Y29) -> 240000 | AK29: =+AVERAGE(G29,M29,Y29) -> 176666.67 | AL29: =+STDEVP(G29,M29,Y29) -> 44969.125 | AM29: =AL29/AK29 -> 0.25454222
A30: 9 | B30: CAMARA WEB | C30: _x000D_ • Micrófono incorporado Sí Resolución de video Full HD 1080p Webcam HD para uso en Pc. Puerto USB_x000D_ | D30: 1 | F30: Logitech 930e | G30: 395000 | H30: =ROUND(G30*19%,0) -> 75050 | I30: =G30+H30 -> 470050 | J30: =I30*D30 -> 470050 | L30: Logitech 930e | M30: 368000 | N30: =ROUND(M30*19%,0) -> 69920 | O30: =M30+N30 -> 437920 | P30: =O30*D30 -> 437920 | X30: DEPSTECH | Y30: 247500 | Z30: =ROUND(Y30*19%,0) -> 47025 | AA30: =+Z30+Y30 -> 294525 | AB30: =+AA30*D30 -> 294525 | AD30: =ROUND(AVERAGE(G30,M30,Y30),0) -> 336833 | AE30: =ROUND(AD30*0.19,0) -> 63998 | AF30: =+AE30+AD30 -> 400831 | AG30: =+AF30*D30 -> 400831 | AI30: =+MIN(G30,M30,Y30) -> 247500 | AJ30: =+MAX(G30,M30,Y30) -> 395000 | AK30: =+AVERAGE(G30,M30,Y30) -> 336833.33 | AL30: =+STDEVP(G30,M30,Y30) -> 64122.712 | AM30: =AL30/AK30 -> 0.19036926
A31: OFICINA CONSEJERÍA DE COMUNICACIONES | AD31: =ROUND(AVERAGE(G31,M31,Y31),0) -> #DIV/0! | AE31: =ROUND(AD31*0.19,0) -> #DIV/0! | AF31: =+AE31+AD31 -> #DIV/0! | AG31: =+AF31*D31 -> #DIV/0! | AI31: =+MIN(G31,M31,Y31) -> 0 | AJ31: =+MAX(G31,M31,Y31) -> 0 | AK31: =+AVERAGE(G31,M31,Y31) -> #DIV/0! | AL31: =+STDEVP(G31,M31,Y31) -> #DIV/0! | AM31: =AL31/AK31 -> #DIV/0!
A32: ÍTEM | B32: EQUIPOS | D32: CANTIDAD | F32: MARCA | G32: VALOR UNITARIO | H32: TARIFA IVA % | I32: VALOR UNITARIO INCLUIDO IVA | J32: VALOR TOTAL | L32: MARCA | M32: VALOR UNITARIO | N32: TARIFA IVA % | O32: VALOR UNITARIO INCLUIDO IVA | P32: VALOR TOTAL | X32: MARCA | Y32: VALOR UNITARIO | Z32: TARIFA IVA % | AA32: VALOR UNITARIO INCLUIDO IVA | AB32: VALOR TOTAL | AD32: =ROUND(AVERAGE(G32,M32,Y32),0) -> #DIV/0! | AE32: =ROUND(AD32*0.19,0) -> #DIV/0! | AF32: =+AE32+AD32 -> #DIV/0! | AG32: =+AF32*D32 -> #DIV/0! | AI32: =+MIN(G32,M32,Y32) -> 0 | AJ32: =+MAX(G32,M32,Y32) -> 0 | AK32: =+AVERAGE(G32,M32,Y32) -> #DIV/0! | AL32: =+STDEVP(G32,M32,Y32) -> #DIV/0! | AM32: =AL32/AK32 -> #DIV/0!
A33: 10 | B33: CABLE HDMI A HDMI | C33: • Cable flexible profesional de alta resistencia • Largo 6 metros | D33: 3 | F33: Generico | G33: 65000 | H33: =ROUND(G33*19%,0) -> 12350 | I33: =G33+H33 -> 77350 | J33: =I33*D33 -> 232050 | L33: Generico | M33: 62000 | N33: =ROUND(M33*19%,0) -> 11780 | O33: =M33+N33 -> 73780 | P33: =O33*D33 -> 221340 | X33: SOLIDVIEW | Y33: 63498 | Z33: =ROUND(Y33*19%,0) -> 12065 | AA33: =+Z33+Y33 -> 75563 | AB33: =+AA33*D33 -> 226689 | AD33: =ROUND(AVERAGE(G33,M33,Y33),0) -> 63499 | AE33: =ROUND(AD33*0.19,0) -> 12065 | AF33: =+AE33+AD33 -> 75564 | AG33: =+AF33*D33 -> 226692 | AI33: =+MIN(G33,M33,Y33) -> 62000 | AJ33: =+MAX(G33,M33,Y33) -> 65000 | AK33: =+AVERAGE(G33,M33,Y33) -> 63499.333 | AL33: =+STDEVP(G33,M33,Y33) -> 1224.7452 | AM33: =AL33/AK33 -> 0.019287529
A34: 11 | B34: CABLE HDMI A MINIHDMI | C34: • Cable flexible profesional de alta resistencia • Largo 1.8 a 2 metros | D34: 3 | F34: Generico | G34: 60000 | H34: =ROUND(G34*19%,0) -> 11400 | I34: =G34+H34 -> 71400 | J34: =I34*D34 -> 214200 | L34: Generico | M34: 56000 | N34: =ROUND(M34*19%,0) -> 10640 | O34: =M34+N34 -> 66640 | P34: =O34*D34 -> 199920 | X34: LINDY | Y34: 110348 | Z34: =ROUND(Y34*19%,0) -> 20966 | AA34: =+Z34+Y34 -> 131314 | AB34: =+AA34*D34 -> 393942 | AD34: =ROUND(AVERAGE(G34,M34,Y34),0) -> 75449 | AE34: =ROUND(AD34*0.19,0) -> 14335 | AF34: =+AE34+AD34 -> 89784 | AG34: =+AF34*D34 -> 269352 | AI34: =+MIN(G34,M34,Y34) -> 56000 | AJ34: =+MAX(G34,M34,Y34) -> 110348 | AK34: =+AVERAGE(G34,M34,Y34) -> 75449.333 | AL34: =+STDEVP(G34,M34,Y34) -> 24731.056 | AM34: =AL34/AK34 -> 0.32778363
A35: 12 | B35: CABLE N3 | C35: • Cable flexible profesional de alta resistencia • MAXIMO 1MTS | D35: 2 | F35: Generico | G35: 60000 | H35: =ROUND(G35*19%,0) -> 11400 | I35: =G35+H35 -> 71400 | J35: =I35*D35 -> 142800 | L35: Generico | M35: 56000 | N35: =ROUND(M35*19%,0) -> 10640 | O35: =M35+N35 -> 66640 | P35: =O35*D35 -> 133280 | Z35: =ROUND(Y35*19%,0) -> 0 | AA35: =+Z35+Y35 -> 0 | AB35: =+AA35*D35 -> 0 | AD35: =ROUND(AVERAGE(G35,M35),0) -> 58000 | AE35: =ROUND(AD35*0.19,0) -> 11020 | AF35: =+AE35+AD35 -> 69020 | AG35: =+AF35*D35 -> 138040 | AI35: =+MIN(G35,M35,Y35) -> 56000 | AJ35: =+MAX(G35,M35,Y35) -> 60000 | AK35: =+AVERAGE(G35,M35,Y35) -> 58000 | AL35: =+STDEVP(G35,M35,Y35) -> 2000 | AM35: =AL35/AK35 -> 0.034482759
A36: 13 | B36: CABLE THUNDERBOLT A THUNDERBOLT | C36: • Cable flexible profesional de alta resistencia | D36: 2 | F36: Apple | G36: 190000 | H36: =ROUND(G36*19%,0) -> 36100 | I36: =G36+H36 -> 226100 | J36: =I36*D36 -> 452200 | L36: Apple | M36: 175000 | N36: =ROUND(M36*19%,0) -> 33250 | O36: =M36+N36 -> 208250 | P36: =O36*D36 -> 416500 | X36: LINDY | Y36: 230850 | Z36: =ROUND(Y36*19%,0) -> 43862 | AA36: =+Z36+Y36 -> 274712 | AB36: =+AA36*D36 -> 549424 | AD36: =ROUND(AVERAGE(G36,M36,Y36),0) -> 198617 | AE36: =ROUND(AD36*0.19,0) -> 37737 | AF36: =+AE36+AD36 -> 236354 | AG36: =+AF36*D36 -> 472708 | AI36: =+MIN(G36,M36,Y36) -> 175000 | AJ36: =+MAX(G36,M36,Y36) -> 230850 | AK36: =+AVERAGE(G36,M36,Y36) -> 198616.67 | AL36: =+STDEVP(G36,M36,Y36) -> 23600.718 | AM36: =AL36/AK36 -> 0.11882547
A37: DESPACHO ALCALDESA (SUBDIRECCION DE SERVICIOS ADMISNISTRATIVOS) | AD37: =ROUND(AVERAGE(G37,M37,Y37),0) -> #DIV/0! | AE37: =ROUND(AD37*0.19,0) -> #DIV/0! | AF37: =+AE37+AD37 -> #DIV/0! | AG37: =+AF37*D37 -> #DIV/0! | AI37: =+MIN(G37,M37,Y37) -> 0 | AJ37: =+MAX(G37,M37,Y37) -> 0 | AK37: =+AVERAGE(G37,M37,Y37) -> #DIV/0! | AL37: =+STDEVP(G37,M37,Y37) -> #DIV/0! | AM37: =AL37/AK37 -> #DIV/0!
A38: ÍTEM | B38: EQUIPOS | D38: CANTIDAD | F38: MARCA | G38: VALOR UNITARIO | H38: TARIFA IVA % | I38: VALOR UNITARIO INCLUIDO IVA | J38: VALOR TOTAL | L38: MARCA | M38: VALOR UNITARIO | N38: TARIFA IVA % | O38: VALOR UNITARIO INCLUIDO IVA | P38: VALOR TOTAL | R38: MARCA | S38: VALOR UNITARIO | T38: TARIFA IVA % | U38: VALOR UNITARIO INCLUIDO IVA | V38: VALOR TOTAL | X38: MARCA | Y38: VALOR UNITARIO | Z38: TARIFA IVA % | AA38: VALOR UNITARIO INCLUIDO IVA | AB38: VALOR TOTAL | AD38: =ROUND(AVERAGE(G38,M38,Y38),0) -> #DIV/0! | AE38: =ROUND(AD38*0.19,0) -> #DIV/0! | AF38: =+AE38+AD38 -> #DIV/0! | AG38: =+AF38*D38 -> #DIV/0! | AI38: =+MIN(G38,M38,Y38) -> 0 | AJ38: =+MAX(G38,M38,Y38) -> 0 | AK38: =+AVERAGE(G38,M38,Y38) -> #DIV/0! | AL38: =+STDEVP(G38,M38,Y38) -> #DIV/0! | AM38: =AL38/AK38 -> #DIV/0!
A39: 17 | B39: CABLE HDMI A HDMI | C39: • Cable flexible profesional de alta resistencia • Largo 10 metros | D39: 20 | F39: Generico | G39: 75000 | H39: =ROUND(G39*19%,0) -> 14250 | I39: =G39+H39 -> 89250 | J39: =I39*D39 -> 1785000 | L39: Generico | M39: 70000 | N39: =ROUND(M39*19%,0) -> 13300 | O39: =M39+N39 -> 83300 | P39: =O39*D39 -> 1666000 | X39: SOLIDVIEW | Y39: 97800 | Z39: =ROUND(Y39*19%,0) -> 18582 | AA39: =+Z39+Y39 -> 116382 | AB39: =+AA39*D39 -> 2327640 | AD39: =ROUND(AVERAGE(G39,M39,Y39),0) -> 80933 | AE39: =ROUND(AD39*0.19,0) -> 15377 | AF39: =+AE39+AD39 -> 96310 | AG39: =+AF39*D39 -> 1926200 | AI39: =+MIN(G39,M39,Y39) -> 70000 | AJ39: =+MAX(G39,M39,Y39) -> 97800 | AK39: =+AVERAGE(G39,M39,Y39) -> 80933.333 | AL39: =+STDEVP(G39,M39,Y39) -> 12099.954 | AM39: =AL39/AK39 -> 0.1495052
A40: 18 | B40: CABLE EXTENDER USB 3.0 | C40: • Cable flexible profesional de alta resistencia • Largo 6 metros | D40: 10 | F40: Generico | G40: 65000 | H40: =ROUND(G40*19%,0) -> 12350 | I40: =G40+H40 -> 77350 | J40: =I40*D40 -> 773500 | L40: Generico | M40: 62000 | N40: =ROUND(M40*19%,0) -> 11780 | O40: =M40+N40 -> 73780 | P40: =O40*D40 -> 737800 | X40: LINDY | Y40: 338400 | Z40: =ROUND(Y40*19%,0) -> 64296 | AA40: =+Z40+Y40 -> 402696 | AB40: =+AA40*D40 -> 4026960 | AD40: =ROUND(AVERAGE(G40,M40,Y40),0) -> 155133 | AE40: =ROUND(AD40*0.19,0) -> 29475 | AF40: =+AE40+AD40 -> 184608 | AG40: =+AF40*D40 -> 1846080 | AI40: =+MIN(G40,M40,Y40) -> 62000 | AJ40: =+MAX(G40,M40,Y40) -> 338400 | AK40: =+AVERAGE(G40,M40,Y40) -> 155133.33 | AL40: =+STDEVP(G40,M40,Y40) -> 129594.89 | AM40: =AL40/AK40 -> 0.83537746
A41: 19 | B41: CAMARA WEB | C41: Micrófono incorporado Sí Resolución de video Full HD 1080p Webcam HD para uso en Pc. Puerto USB | D41: 3 | F41: Logitech 930e | G41: 395000 | H41: =ROUND(G41*19%,0) -> 75050 | I41: =G41+H41 -> 470050 | J41: =I41*D41 -> 1410150 | L41: Logitech 930e | M41: 370000 | N41: =ROUND(M41*19%,0) -> 70300 | O41: =M41+N41 -> 440300 | P41: =O41*D41 -> 1320900 | X41: DEPSTECH | Y41: 247500 | Z41: =ROUND(Y41*19%,0) -> 47025 | AA41: =+Z41+Y41 -> 294525 | AB41: =+AA41*D41 -> 883575 | AD41: =ROUND(AVERAGE(G41,M41,Y41),0) -> 337500 | AE41: =ROUND(AD41*0.19,0) -> 64125 | AF41: =+AE41+AD41 -> 401625 | AG41: =+AF41*D41 -> 1204875 | AI41: =+MIN(G41,M41,Y41) -> 247500 | AJ41: =+MAX(G41,M41,Y41) -> 395000 | AK41: =+AVERAGE(G41,M41,Y41) -> 337500 | AL41: =+STDEVP(G41,M41,Y41) -> 64452.825 | AM41: =AL41/AK41 -> 0.19097133
A42: 20 | B42: Matriz procesador de videowall 4k (sala estrategica) | C42: Procesador de videowall compatible con 12 pantalas marca nec Multisync x462un, con instalcion y sus repectivos cables para conexion | D42: 1 | F42: ATEM VM1600A | G42: 35500000 | H42: =ROUND(G42*19%,0) -> 6745000 | I42: =G42+H42 -> 42245000 | J42: =I42*D42 -> 42245000 | L42: ATEM VM1600A | M42: 33000000 | N42: =ROUND(M42*19%,0) -> 6270000 | O42: =M42+N42 -> 39270000 | P42: =O42*D42 -> 39270000 | Z42: =ROUND(Y42*19%,0) -> 0 | AA42: =+Z42+Y42 -> 0 | AB42: =+AA42*D42 -> 0 | AD42: =ROUND(AVERAGE(G42,M42,Y42),0) -> 34250000 | AE42: =ROUND(AD42*0.19,0) -> 6507500 | AF42: =+AE42+AD42 -> 40757500 | AG42: =+AF42*D42 -> 40757500 | AI42: =+MIN(G42,M42,Y42) -> 33000000 | AJ42: =+MAX(G42,M42,Y42) -> 35500000 | AK42: =+AVERAGE(G42,M42,Y42) -> 34250000 | AL42: =+STDEVP(G42,M42,Y42) -> 1250000 | AM42: =AL42/AK42 -> 0.03649635
A43: 21 | B43: Cámara PTZ USB con tripode | C43: • Movimiento vertical y horizontal Resolución de video 4K UHD • Interfaces USB 3.0 • Zoom total de mínimo 15X • Incluido el trípode • Vertical: 52,2 • Panorámica: mínimo ± 90° • Inclinación: entre +50° / -90° y + 90 °/ -30 ° • Adaptador de corriente • Conector USB | D43: 4 | F43: Aver CAM540 | G43: 6690000 | H43: =ROUND(G43*19%,0) -> 1271100 | I43: =G43+H43 -> 7961100 | J43: =I43*D43 -> 31844400 | L43: Aver CAM540 | M43: 6250000 | N43: =ROUND(M43*19%,0) -> 1187500 | O43: =M43+N43 -> 7437500 | P43: =O43*D43 -> 29750000 | X43: LOGITECH | Y43: 3800000 | Z43: =ROUND(Y43*19%,0) -> 722000 | AA43: =+Z43+Y43 -> 4522000 | AB43: =+AA43*D43 -> 18088000 | AD43: =ROUND(AVERAGE(G43,M43,Y43),0) -> 5580000 | AE43: =ROUND(AD43*0.19,0) -> 1060200 | AF43: =+AE43+AD43 -> 6640200 | AG43: =+AF43*D43 -> 26560800 | AI43: =+MIN(G43,M43,Y43) -> 3800000 | AJ43: =+MAX(G43,M43,Y43) -> 6690000 | AK43: =+AVERAGE(G43,M43,Y43) -> 5580000 | AL43: =+STDEVP(G43,M43,Y43) -> 1271403.4 | AM43: =AL43/AK43 -> 0.22785008
A44: 22 | B44: MATRIZ DE VIDEO HDMI 4X4 | C44: • MINIMO 4 ENTRADAS HDMI Y MINIMO 4 SALIDAS DE HDMI. • Con botones visuales para la operación | D44: 2 | F44: Kramer VS-44UHD | G44: 8100000 | H44: =ROUND(G44*19%,0) -> 1539000 | I44: =G44+H44 -> 9639000 | J44: =I44*D44 -> 19278000 | L44: Kramer VS-44UHD | M44: 7500000 | N44: =ROUND(M44*19%,0) -> 1425000 | O44: =M44+N44 -> 8925000 | P44: =O44*D44 -> 17850000 | X44: SOLIDVIEW | Y44: 8998350 | Z44: =ROUND(Y44*19%,0) -> 1709687 | AA44: =+Z44+Y44 -> 10708037 | AB44: =+AA44*D44 -> 21416074 | AD44: =ROUND(AVERAGE(G44,M44,Y44),0) -> 8199450 | AE44: =ROUND(AD44*0.19,0) -> 1557896 | AF44: =+AE44+AD44 -> 9757346 | AG44: =+AF44*D44 -> 19514692 | AI44: =+MIN(G44,M44,Y44) -> 7500000 | AJ44: =+MAX(G44,M44,Y44) -> 8998350 | AK44: =+AVERAGE(G44,M44,Y44) -> 8199450 | AL44: =+STDEVP(G44,M44,Y44) -> 615727.7 | AM44: =AL44/AK44 -> 0.075093781
A45: 23 | B45: Televisor o monitor industrial aproximadamente de minimo 80 pulgada - pantalla tactil | C45: • Tipo de pantalla LED_x000D_ • Tamaño de la pantalla mínimo 82 "_x000D_ • Tipo de resolución 4K_x000D_ • Smart Sí_x000D_ • HDR Sí_x000D_ • USB Sí_x000D_ • HDMI Sí_x000D_ • Cantidad de puertos mínimo HDMI 3_x000D_ • Cantidad de puertos USB mínimo 2_x000D_ • Wi-Fi Sí_x000D_ • Bluetooth Sí_x000D_ • Ethernet Sí_x000D_ | D45: 1 | F45: LG 82UM7570 | G45: 14700000 | H45: =ROUND(G45*19%,0) -> 2793000 | I45: =G45+H45 -> 17493000 | J45: =I45*D45 -> 17493000 | L45: LG 82UM7570 | M45: 13650000 | N45: =ROUND(M45*19%,0) -> 2593500 | O45: =M45+N45 -> 16243500 | P45: =O45*D45 -> 16243500 | X45: SAMSUNG | Y45: 14749500 | Z45: =ROUND(Y45*19%,0) -> 2802405 | AA45: =+Z45+Y45 -> 17551905 | AB45: =+AA45*D45 -> 17551905 | AD45: =ROUND(AVERAGE(G45,M45,Y45),0) -> 14366500 | AE45: =ROUND(AD45*0.19,0) -> 2729635 | AF45: =+AE45+AD45 -> 17096135 | AG45: =+AF45*D45 -> 17096135 | AI45: =+MIN(G45,M45,Y45) -> 13650000 | AJ45: =+MAX(G45,M45,Y45) -> 14749500 | AK45: =+AVERAGE(G45,M45,Y45) -> 14366500 | AL45: =+STDEVP(G45,M45,Y45) -> 507044.87 | AM45: =AL45/AK45 -> 0.035293556
A46: 14 | B46: Cables Sdi minimo 1 mts con conectores | C46: • Cable flexible profesional de alta resistencia trenza de cobre • Tipo de aislamiento Polietileno • Impedancia máxima 75 ohmios | D46: 4 | F46: Pearstone | G46: 130000 | H46: =ROUND(G46*19%,0) -> 24700 | I46: =G46+H46 -> 154700 | J46: =I46*D46 -> 618800 | L46: Pearstone | M46: 185000 | N46: =ROUND(M46*19%,0) -> 35150 | O46: =M46+N46 -> 220150 | P46: =O46*D46 -> 880600 | R46: Pearstone | S46: 125000 | T46: =ROUND(S46*19%,0) -> 23750 | U46: =S46+T46 -> 148750 | V46: =U46*D46 -> 595000 | Z46: =ROUND(Y46*19%,0) -> 0 | AA46: =+Z46+Y46 -> 0 | AB46: =+AA46*D46 -> 0 | AD46: =ROUND(AVERAGE(G46,M46,S46),0) -> 146667 | AE46: =ROUND(AD46*0.19,0) -> 27867 | AF46: =+AE46+AD46 -> 174534 | AG46: =+AF46*D46 -> 698136 | AI46: =+MIN(G46,M46,Y46) -> 130000 | AJ46: =+MAX(G46,M46,Y46) -> 185000 | AK46: =+AVERAGE(G46,M46,Y46) -> 157500 | AL46: =+STDEVP(G46,M46,Y46) -> 27500 | AM46: =AL46/AK46 -> 0.17460317
A47: 15 | B47: Cables Sdi minimo 20mts con conectores | C47: • Cable flexible profesional de alta resistencia trenza de cobre_x000D_ • Tipo de aislamiento Polietileno_x000D_ • Impedancia máxima 75 ohmios_x000D_ | D47: 4 | F47: Pearstone | G47: 420000 | H47: =ROUND(G47*19%,0) -> 79800 | I47: =G47+H47 -> 499800 | J47: =I47*D47 -> 1999200 | L47: Pearstone | M47: 580000 | N47: =ROUND(M47*19%,0) -> 110200 | O47: =M47+N47 -> 690200 | P47: =O47*D47 -> 2760800 | R47: Pearstone | S47: 410000 | T47: =ROUND(S47*19%,0) -> 77900 | U47: =S47+T47 -> 487900 | V47: =U47*D47 -> 1951600 | Z47: =ROUND(Y47*19%,0) -> 0 | AA47: =+Z47+Y47 -> 0 | AB47: =+AA47*D47 -> 0 | AD47: =ROUND(AVERAGE(G47,M47,S47),0) -> 470000 | AE47: =ROUND(AD47*0.19,0) -> 89300 | AF47: =+AE47+AD47 -> 559300 | AG47: =+AF47*D47 -> 2237200 | AI47: =+MIN(G47,M47,Y47) -> 420000 | AJ47: =+MAX(G47,M47,Y47) -> 580000 | AK47: =+AVERAGE(G47,M47,Y47) -> 500000 | AL47: =+STDEVP(G47,M47,Y47) -> 80000 | AM47: =AL47/AK47 -> 0.16
A48: 16 | B48: Cables Sdi minimo 50mts con conectores | C48: • Cable flexible profesional de alta resistencia trenza de cobre_x000D_ • Tipo de aislamiento Polietileno_x000D_ • Impedancia máxima 75 ohmios_x000D_ | D48: 4 | F48: Pearstone | G48: 800000 | H48: =ROUND(G48*19%,0) -> 152000 | I48: =G48+H48 -> 952000 | J48: =I48*D48 -> 3808000 | L48: Pearstone | M48: 140000 | N48: =ROUND(M48*19%,0) -> 26600 | O48: =M48+N48 -> 166600 | P48: =O48*D48 -> 666400 | R48: Pearstone | S48: 790000 | T48: =ROUND(S48*19%,0) -> 150100 | U48: =S48+T48 -> 940100 | V48: =U48*D48 -> 3760400 | Z48: =ROUND(Y48*19%,0) -> 0 | AA48: =+Z48+Y48 -> 0 | AB48: =+AA48*D48 -> 0 | AD48: =ROUND(AVERAGE(G48,M48,S48),0) -> 576667 | AE48: =ROUND(AD48*0.19,0) -> 109567 | AF48: =+AE48+AD48 -> 686234 | AG48: =+AF48*D48 -> 2744936 | AI48: =+MIN(G48,M48,Y48) -> 140000 | AJ48: =+MAX(G48,M48,Y48) -> 800000 | AK48: =+AVERAGE(G48,M48,Y48) -> 470000 | AL48: =+STDEVP(G48,M48,Y48) -> 330000 | AM48: =AL48/AK48 -> 0.70212766
A49: 27 | B49: Cables Sdi minimo 100mts con conectores | C49: • Cable flexible profesional de alta resistencia trenza de cobre_x000D_ • Tipo de aislamiento Polietileno_x000D_ • Impedancia máxima 75 ohmios_x000D_ | D49: 1 | F49: Pearstone | G49: 160000 | H49: =ROUND(G49*19%,0) -> 30400 | I49: =G49+H49 -> 190400 | J49: =I49*D49 -> 190400 | L49: Pearstone | M49: 145000 | N49: =ROUND(M49*19%,0) -> 27550 | O49: =M49+N49 -> 172550 | P49: =O49*D49 -> 172550 | Z49: =ROUND(Y49*19%,0) -> 0 | AA49: =+Z49+Y49 -> 0 | AB49: =+AA49*D49 -> 0 | AD49: =ROUND(AVERAGE(G49,M49,S49),0) -> 152500 | AE49: =ROUND(AD49*0.19,0) -> 28975 | AF49: =+AE49+AD49 -> 181475 | AG49: =+AF49*D49 -> 181475 | AI49: =+MIN(G49,M49,Y49) -> 145000 | AJ49: =+MAX(G49,M49,Y49) -> 160000 | AK49: =+AVERAGE(G49,M49,Y49) -> 152500 | AL49: =+STDEVP(G49,M49,Y49) -> 7500 | AM49: =AL49/AK49 -> 0.049180328
A50: 28 | B50: extensores de utp a hdmi y extensores de hdmi a utp | C50: • Extender Hdmi por cable de red utp mínimo 60 Metros 1 Extender (transmisor) 1 Extender (receptor) • 2 Adaptador corriente Extensor de señal HDMI 4K, 2K, 1080p, 3D Transmite 4K UHD | D50: 3 | F50: Lenkeng | G50: 630000 | H50: =ROUND(G50*19%,0) -> 119700 | I50: =G50+H50 -> 749700 | J50: =I50*D50 -> 2249100 | L50: Lenkeng | M50: 580000 | N50: =ROUND(M50*19%,0) -> 110200 | O50: =M50+N50 -> 690200 | P50: =O50*D50 -> 2070600 | X50: ATEN | Y50: 944316 | Z50: =ROUND(Y50*19%,0) -> 179420 | AA50: =+Z50+Y50 -> 1123736 | AB50: =+AA50*D50 -> 3371208 | AD50: =ROUND(AVERAGE(G50,M50,S50),0) -> 605000 | AE50: =ROUND(AD50*0.19,0) -> 114950 | AF50: =+AE50+AD50 -> 719950 | AG50: =+AF50*D50 -> 2159850 | AI50: =+MIN(G50,M50,Y50) -> 580000 | AJ50: =+MAX(G50,M50,Y50) -> 944316 | AK50: =+AVERAGE(G50,M50,Y50) -> 718105.33 | AL50: =+STDEVP(G50,M50,Y50) -> 161252.29 | AM50: =AL50/AK50 -> 0.22455241
A51: 17 | B51: Convertidores de señal sdi a hdmi | C51: • 1 x entrada BNC_x000D_ • SD / HD / 3G-SDI_x000D_ • 1 x salida de bucle BNC SD / HD / 3G-SDI 1 x salida HDMI tipo A_x000D_ • 1 x USB Micro-Entrada SD / HD / 3G-SDI_x000D_ • compatibles con dispositivos blackmagic_x000D_ | D51: 4 | F51: Blackmagic Design Micro Converter SDI a HDMI | G51: 280000 | H51: =ROUND(G51*19%,0) -> 53200 | I51: =G51+H51 -> 333200 | J51: =I51*D51 -> 1332800 | L51: Blackmagic Design Micro Converter SDI a HDMI | M51: 260000 | N51: =ROUND(M51*19%,0) -> 49400 | O51: =M51+N51 -> 309400 | P51: =O51*D51 -> 1237600 | X51: ATEN | Y51: 407762 | Z51: =ROUND(Y51*19%,0) -> 77475 | AA51: =+Z51+Y51 -> 485237 | AB51: =+AA51*D51 -> 1940948 | AD51: =ROUND(AVERAGE(G51,M51,Y51),0) -> 315921 | AE51: =ROUND(AD51*0.19,0) -> 60025 | AF51: =+AE51+AD51 -> 375946 | AG51: =+AF51*D51 -> 1503784 | AI51: =+MIN(G51,M51,Y51) -> 260000 | AJ51: =+MAX(G51,M51,Y51) -> 407762 | AK51: =+AVERAGE(G51,M51,Y51) -> 315920.67 | AL51: =+STDEVP(G51,M51,Y51) -> 65452.898 | AM51: =AL51/AK51 -> 0.20718144
A52: 30 | B52: Convertidor de señal HDMI - SDI | C52: 1 x entrada HDMI tipo A 2 x salida BNC SD / HD / 3G-SDI 1 x micro-USB | D52: 8 | F52: Blackmagic Design Micro Converter HDMI a SDI | G52: 280000 | H52: =ROUND(G52*19%,0) -> 53200 | I52: =G52+H52 -> 333200 | J52: =I52*D52 -> 2665600 | L52: Blackmagic Design Micro Converter HDMI a SDI | M52: 260000 | N52: =ROUND(M52*19%,0) -> 49400 | O52: =M52+N52 -> 309400 | P52: =O52*D52 -> 2475200 | X52: ATEN | Y52: 407762 | Z52: =ROUND(Y52*19%,0) -> 77475 | AA52: =+Z52+Y52 -> 485237 | AB52: =+AA52*D52 -> 3881896 | AD52: =ROUND(AVERAGE(G52,M52,Y52),0) -> 315921 | AE52: =ROUND(AD52*0.19,0) -> 60025 | AF52: =+AE52+AD52 -> 375946 | AG52: =+AF52*D52 -> 3007568 | AI52: =+MIN(G52,M52,Y52) -> 260000 | AJ52: =+MAX(G52,M52,Y52) -> 407762 | AK52: =+AVERAGE(G52,M52,Y52) -> 315920.67 | AL52: =+STDEVP(G52,M52,Y52) -> 65452.898 | AM52: =AL52/AK52 -> 0.20718144
A53: 18 | B53: Monitor 32 inch. IPS | C53: • 1 x entrada HDMI tipo A_x000D_ • 2 x salida BNC SD / HD / 3G-SDI_x000D_ • 1 x micro-USB_x000D_ | D53: 1 | F53: BenQ PD3200U | G53: 4360000 | H53: =ROUND(G53*19%,0) -> 828400 | I53: =G53+H53 -> 5188400 | J53: =I53*D53 -> 5188400 | L53: BenQ PD3200U | M53: 4050000 | N53: =ROUND(M53*19%,0) -> 769500 | O53: =M53+N53 -> 4819500 | P53: =O53*D53 -> 4819500 | Z53: =ROUND(Y53*19%,0) -> 0 | AA53: =+Z53+Y53 -> 0 | AB53: =+AA53*D53 -> 0 | AD53: =ROUND(AVERAGE(G53,M53),0) -> 4205000 | AE53: =ROUND(AD53*0.19,0) -> 798950 | AF53: =+AE53+AD53 -> 5003950 | AG53: =+AF53*D53 -> 5003950 | AI53: =+MIN(G53,M53,Y53) -> 4050000 | AJ53: =+MAX(G53,M53,Y53) -> 4360000 | AK53: =+AVERAGE(G53,M53,Y53) -> 4205000 | AL53: =+STDEVP(G53,M53,Y53) -> 155000 | AM53: =AL53/AK53 -> 0.03686088
A54: 19 | B54: AJA Io 4K Plus | C54: • La E / S de video profesional AJA Io 4K Plus para Thunderbolt 3 es un dispositivo portátil de captura y salida que ofrece conectividad de video y audio profesional con soporte para flujos de trabajo DCI 4K y UltraHD. | D54: 1 | F54: AJA Io 4K Plus | G54: 15600000 | H54: =ROUND(G54*19%,0) -> 2964000 | I54: =G54+H54 -> 18564000 | J54: =D54*I54 -> 18564000 | L54: AJA Io 4K Plus | M54: 14500000 | N54: =ROUND(M54*19%,0) -> 2755000 | O54: =M54+N54 -> 17255000 | P54: =O54*D54 -> 17255000 | Z54: =ROUND(Y54*19%,0) -> 0 | AA54: =+Z54+Y54 -> 0 | AB54: =+AA54*D54 -> 0 | AD54: =ROUND(AVERAGE(G54,M54),0) -> 15050000 | AE54: =ROUND(AD54*0.19,0) -> 2859500 | AF54: =+AE54+AD54 -> 17909500 | AG54: =+AF54*D54 -> 17909500 | AI54: =+MIN(G54,M54,Y54) -> 14500000 | AJ54: =+MAX(G54,M54,Y54) -> 15600000 | AK54: =+AVERAGE(G54,M54,Y54) -> 15050000 | AL54: =+STDEVP(G54,M54,Y54) -> 550000 | AM54: =AL54/AK54 -> 0.03654485
A55: 33 | B55: Blackmagic Design UltraStudio 3G Recorder | C55: • Salida de video del monitor a la computadora Entradas 3G-SDI y HDMI Salida Thunderbolt Admite resoluciones de hasta 1080p60 | D55: 3 | F55: Blackmagic Design UltraStudio 3G Recorder | G55: 750000 | H55: =ROUND(G55*19%,0) -> 142500 | I55: =G55+H55 -> 892500 | J55: =D55*I55 -> 2677500 | L55: Blackmagic Design UltraStudio 3G Recorder | M55: 700000 | N55: =ROUND(M55*19%,0) -> 133000 | O55: =M55+N55 -> 833000 | P55: =O55*D55 -> 2499000 | Z55: =ROUND(Y55*19%,0) -> 0 | AA55: =+Z55+Y55 -> 0 | AB55: =+AA55*D55 -> 0 | AD55: =ROUND(AVERAGE(G55,M55,Y55),0) -> 725000 | AE55: =ROUND(AD55*0.19,0) -> 137750 | AF55: =+AE55+AD55 -> 862750 | AG55: =+AF55*D55 -> 2588250 | AI55: =+MIN(G55,M55,Y55) -> 700000 | AJ55: =+MAX(G55,M55,Y55) -> 750000 | AK55: =+AVERAGE(G55,M55,Y55) -> 725000 | AL55: =+STDEVP(G55,M55,Y55) -> 25000 | AM55: =AL55/AK55 -> 0.034482759
A56: 34 | B56: Convertidor de señal HDMI - SDI | C56: • Entrada HDMI_x000D_ • 2 x salidas SDI_x000D_ • Admite señales SD y HD_x000D_ • Detección automática de señal de entrada, compatible con equipos blackmagic_x000D_ | D56: 4 | F56: Blackmagic Design Micro Converter HDMI a SDI | G56: 280000 | H56: =ROUND(G56*19%,0) -> 53200 | I56: =G56+H56 -> 333200 | J56: =D56*I56 -> 1332800 | L56: Blackmagic Design Micro Converter HDMI a SDI | M56: 260000 | N56: =ROUND(M56*19%,0) -> 49400 | O56: =M56+N56 -> 309400 | P56: =O56*D56 -> 1237600 | X56: ATEN | Y56: 407762 | Z56: =ROUND(Y56*19%,0) -> 77475 | AA56: =+Z56+Y56 -> 485237 | AB56: =+AA56*D56 -> 1940948 | AD56: =ROUND(AVERAGE(G56,M56,Y56),0) -> 315921 | AE56: =ROUND(AD56*0.19,0) -> 60025 | AF56: =+AE56+AD56 -> 375946 | AG56: =+AF56*D56 -> 1503784 | AI56: =+MIN(G56,M56,Y56) -> 260000 | AJ56: =+MAX(G56,M56,Y56) -> 407762 | AK56: =+AVERAGE(G56,M56,Y56) -> 315920.67 | AL56: =+STDEVP(G56,M56,Y56) -> 65452.898 | AM56: =AL56/AK56 -> 0.20718144
A57: 20 | B57: Convertidores HDMI a micro HDMI. | C57: • Cable flexible profesional de alta resistencia y tráfico pesado _x000D_ • Conector 1 1 x Micro-HDMI macho _x000D_ • Conector 2 1 x HDMI macho_x000D_ | D57: 2 | I57: =ROUND(G57+G57*H57,0) -> 0 | J57: =D57*I57 -> 0 | O57: =ROUND(M57+M57*N57,0) -> 0 | P57: =O57*D57 -> 0 | X57: LINDY | Y57: 56480 | Z57: =ROUND(Y57*19%,0) -> 10731 | AA57: =+Z57+Y57 -> 67211 | AB57: =+AA57*D57 -> 134422 | AD57: =ROUND(AVERAGE(G57,M57,Y57),0) -> 56480 | AE57: =ROUND(AD57*0.19,0) -> 10731 | AF57: =+AE57+AD57 -> 67211 | AG57: =+AF57*D57 -> 134422 | AI57: =+MIN(G57,M57,Y57) -> 56480 | AJ57: =+MAX(G57,M57,Y57) -> 56480 | AK57: =+AVERAGE(G57,M57,Y57) -> 56480 | AL57: =+STDEVP(G57,M57,Y57) -> 0 | AM57: =AL57/AK57 -> 0
A58: 21 | B58: Convertidor Usb tipo C - LAN | C58: • Conexión Gigabit Ethernet incluso cuando la opción inalámbrica no es permanente o está fuera del alcance_x000D_ • Puertos USB-C macho y RJ-45 hembra_x000D_ • Compatible con 10/100/1000BASE-T_x000D_ • La velocidad y fiabilidad del Gigabit Ethernet permiten realizar descargas de mayor tamaño sin interrupciones_x000D_ | D58: 2 | F58: Belkin Adaptador de USB-C a Gigabit Ethernet | G58: 220000 | H58: =ROUND(G58*19%,0) -> 41800 | I58: =G58+H58 -> 261800 | J58: =D58*I58 -> 523600 | L58: Belkin Adaptador de USB-C a Gigabit Ethernet | M58: 200000 | N58: =ROUND(M58*19%,0) -> 38000 | O58: =M58+N58 -> 238000 | P58: =O58*D58 -> 476000 | Z58: =ROUND(Y58*19%,0) -> 0 | AA58: =+Z58+Y58 -> 0 | AB58: =+AA58*D58 -> 0 | AD58: =ROUND(AVERAGE(G58,M58),0) -> 210000 | AE58: =ROUND(AD58*0.19,0) -> 39900 | AF58: =+AE58+AD58 -> 249900 | AG58: =+AF58*D58 -> 499800 | AI58: =+MIN(G58,M58,Y58) -> 200000 | AJ58: =+MAX(G58,M58,Y58) -> 220000 | AK58: =+AVERAGE(G58,M58,Y58) -> 210000 | AL58: =+STDEVP(G58,M58,Y58) -> 10000 | AM58: =AL58/AK58 -> 0.047619048
A59: 22 | B59: Convertidor Usb Tipo C - Thunderbolt | C59: Este adaptador te permite conectar dispositivos Thunderbolt y Thunderbolt 2 (como discos duros y bases Dock Thunderbolt) a tu MacBook Pro a través de los puertos Thunderbolt 3 (USB-C). | D59: 2 | F59: Apple Adaptador de Thunderbolt 3 (USB-C) a Thunderbolt 2 | G59: 345000 | H59: =ROUND(G59*19%,0) -> 65550 | I59: =G59+H59 -> 410550 | J59: =D59*I59 -> 821100 | L59: Apple Adaptador de Thunderbolt 3 (USB-C) a Thunderbolt 2 | M59: 315000 | N59: =ROUND(M59*19%,0) -> 59850 | O59: =M59+N59 -> 374850 | P59: =O59*D59 -> 749700 | Z59: =ROUND(Y59*19%,0) -> 0 | AA59: =+Z59+Y59 -> 0 | AB59: =+AA59*D59 -> 0 | AD59: =ROUND(AVERAGE(G59,M59),0) -> 330000 | AE59: =ROUND(AD59*0.19,0) -> 62700 | AF59: =+AE59+AD59 -> 392700 | AG59: =+AF59*D59 -> 785400 | AI59: =+MIN(G59,M59,Y59) -> 315000 | AJ59: =+MAX(G59,M59,Y59) -> 345000 | AK59: =+AVERAGE(G59,M59,Y59) -> 330000 | AL59: =+STDEVP(G59,M59,Y59) -> 15000 | AM59: =AL59/AK59 -> 0.045454545
A60: 23 | B60: Convertidor Usb C - Thunderbolt 2 | C60: Este adaptador te permite conectar dispositivos Thunderbolt y Thunderbolt 2 (como discos duros y bases Dock Thunderbolt) a tu MacBook Pro a través de los puertos Thunderbolt 3 (USB-C). | D60: 2 | F60: Apple Adaptador de Thunderbolt 3 (USB-C) a Thunderbolt 2 | G60: 345000 | H60: =ROUND(G60*19%,0) -> 65550 | I60: =G60+H60 -> 410550 | J60: =D60*I60 -> 821100 | L60: Apple Adaptador de Thunderbolt 3 (USB-C) a Thunderbolt 2 | M60: 315000 | N60: =ROUND(M60*19%,0) -> 59850 | O60: =M60+N60 -> 374850 | P60: =O60*D60 -> 749700 | Z60: =ROUND(Y60*19%,0) -> 0 | AA60: =+Z60+Y60 -> 0 | AB60: =+AA60*D60 -> 0 | AD60: =ROUND(AVERAGE(G60,M60,Y60),0) -> 330000 | AE60: =ROUND(AD60*0.19,0) -> 62700 | AF60: =+AE60+AD60 -> 392700 | AG60: =+AF60*D60 -> 785400 | AI60: =+MIN(G60,M60,Y60) -> 315000 | AJ60: =+MAX(G60,M60,Y60) -> 345000 | AK60: =+AVERAGE(G60,M60,Y60) -> 330000 | AL60: =+STDEVP(G60,M60,Y60) -> 15000 | AM60: =AL60/AK60 -> 0.045454545
A61: 39 | B61: RACK PORTATIL PARA EQUIPOS DE VIDEO | C61: RACK PORTATIL ANTI-SHOCK CON 2 MESAS PARA EQUIPOS DE SONIDO Y VIDEO, CON RUEDAS, CAPACIDAD: ENTRE 10 U Y 16 U de rack MEDIDAS MESAS: minimo 1mts x minimo 60 cm fondo minimo, altura 90 cm minimo | D61: 2 | F61: Generico | G61: 2700000 | H61: =ROUND(G61*19%,0) -> 513000 | I61: =G61+H61 -> 3213000 | J61: =D61*I61 -> 6426000 | L61: Generico | M61: 2500000 | N61: =ROUND(M61*19%,0) -> 475000 | O61: =M61+N61 -> 2975000 | P61: =O61*D61 -> 5950000 | Z61: =ROUND(Y61*19%,0) -> 0 | AA61: =+Z61+Y61 -> 0 | AB61: =+AA61*D61 -> 0 | AF61: =+AE61+AD61 -> 0 | AG61: =+AF61*D61 -> 0 | AI61: =+MIN(I61,O61) -> 2975000 | AJ61: =+MAX(I61,O61,AA61) -> 3213000 | AK61: =+AVERAGE(I61,O61) -> 3094000 | AL61: =+STDEVP(I61,O61) -> 119000 | AM61: =AL61/AK61 -> 0.038461538
AD62: TOTAL | AG62: =+AG19+AG20+AG21+AG23+AG25+AG26+AG28+AG29+AG30+AG33+AG34+AG35+AG36+AG46+AG47+AG48+AG51+AG53+AG54+AG57+AG58+AG59+AG60 -> 61581921
A63: Se recibieron cuatro cotizaciones . La propuesta que presentamos frente a la presente constancia de estudio de mercado, es tomar el valor promedio entre las cotizaciones recibidas, teniendo en cuenta que el monto es acorde al comportamiento del mercado. VALOR PARA EL LOTE 2: $ 61.581.921 INCLUIDO IVA

Sheet PRECIOS TECHO LOTE 2
A1: ALCALDÍA MAYOR DE BOGOTÁ Secretaría General Subdirección de Servicios Administrativos CONSTANCIA DE ESTUDIO DE MERCADO
A2: FECHA DE ELABORACIÓN: 3/11/2020 | C2: LA SUBDIRECCIÓN DE SERVICIOS ADMINISTRATIVOS DE LA SECRETARIA GENERAL DE BOGOTA D.C , EFECTUO LA CONSULTA DE PRECIOS DE MERCADO PARA ADELANTAR UN PROCESO DE SELECCIÓN ABREVIADA SUBASTA INVERSA ANALIZANDO LAS SIGUIENTES VARIABLES
A3: Objeto: Adquisición, instalación y puesta en funcionamiento de los equipos de audio vídeo e iluminación para la operación de las sedes de la Secretaría General de la Alcaldía Mayor D.C.
C5: MEDIO | G5: CANTIDAD
C6: Correo Electrónico | G6: 3
C7: Comunicación Escrita | G7: 0
C8: Archivos Historicos de la Entidad (contratos o procesos años anteriores) | G8: 0
A9: Como se detalla a continuación, la consulta para la realización del Estudio de Mercado del proceso en mención, se observa que lo cotizado corresponde al objeto a contratar en todos sus componentes y que a su vez se ajusta a las condiciones y/o especificaciones contenidas en los estudios previos:
A14: LOTE 2 Adquisición, instalación y puesta en funcionamiento de los equipos de VIDEO para las sedes y operación de la Secretaría General de la Alcaldía Mayor D.C.
A15: ALTA CONSEJERÍA PARA LOS DERECHOS DE LAS VÍCTIMAS
A17: ÍTEM | B17: EQUIPOS | D17: CANTIDAD | F17: VALOR UNITARIO INCLUIDO IVA | G17: PRESUPUESTO
A18: 1 | B18: MULTITOMAS (CON CORTAPICOS) | C18: • Cable de 3 pies _x000D_ • Cantidad de tomas de salida: 6.0_x000D_ • Entrada de voltaje: 120V_x000D_ | D18: 4 | F18: =+'LOTE 2'!AK19 -> 95666.667 | G18: =+F18*D18 -> 382666.67
A19: 2 | B19: TRÍPODE PARA CELULAR | C19: • Ultra extensible 49," Rápido con cerradura – sin torsión de cerradura – Durable/agarre seguro y antideslizante mango de goma _x000D_ • Rápida conexión Bluetooth mando a distancia: uso con diferentes dispositivos: iPhone, Android, cámara digital Compatible con iPhone IOS y Android 4.3 o posterior Batería recargable_x000D_ • 300 horas en espera, 1 hora de carga completa. _x000D_ • Equipado con non- Skid Pies, para más seguridad y reliablity. _x000D_ • Trípode profesional de alta calidad para_x000D_ | D19: 1 | F19: =+'LOTE 2'!AK20 -> 285000 | G19: =+F19*D19 -> 285000
A20: 3 | B20: TRÍPODE PARA CÁMARA | C20: • Tipo de cabeza Cabeza de bola o de propiedad Inclinación lateral entre -45 ° a + 90 ° y -90 ° a + 40 ° Tipo de bloqueo de pierna Flip Lock _x000D_ • Posiciones de pierna 3 posiciones Extensión de pierna independiente si _x000D_ • Secciones de pierna entre 3 y 4 Capacidad de carga desde 11 libras _x000D_ • Altura máxima de trabajo 150 cm _x000D_ • Altura máxima sin columna central 133 cm _x000D_ • Altura mínima de trabajo 35 _x000D_ • Longitud plegada entre 40 cm y 60 cm _x000D_ • Materiales Aleación de aluminio_x000D_ | D20: 1 | F20: =+'LOTE 2'!AK21 -> 841616.67 | G20: =+F20*D20 -> 841616.67
A22: 5 | B22: FLASH SPEEDLITE COMPATIBLE CON EL ITEM 4 | C22: • Número de guía 196.85 '/ 60 ma ISO 100 (posición de 200 mm) _x000D_ • Cobertura Fotograma completo de 20 a 200 mm Cabeza de rebote -7 a + 90 ° Cabeza giratoria 360 ° _x000D_ • Duración del flash 1/200 a 1/20000 Segundo Tiempo de reciclaje Aprox. 3 segundos _x000D_ • Iluminación secundaria Ninguna_x000D_ | D22: 1 | F22: =+'LOTE 2'!AK23 -> 752500 | G22: =+F22*D22 -> 752500
A24: 7 | B24: LENTE (COMPATIBLE CON ITEM 4) | C24: • Longitud focal 24 a 105 mm_x000D_ • Apertura máxima f / 4_x000D_ • Apertura mínima f / 22_x000D_ • Montura del lente Canon EF_x000D_ • Compatibilidad de formato Fotograma completo_x000D_ • Punto de vista 84 ° a 23 ° 20 '_x000D_ • Distancia mínima de enfoque 1.48 '/ 45 cm_x000D_ • Aumento máximo 0.24x_x000D_ • Diseño óptico 17 elementos en 12 grupos_x000D_ • Hojas de diafragma 10, redondeado_x000D_ • Tipo de enfoque automático_x000D_ • Estabilización de imagen si_x000D_ • Tamaño de filtro 77 mm (delantero)_x000D_ | D24: 2 | F24: =+'LOTE 2'!AK25 -> 9008333.3 | G24: =+F24*D24 -> 18016667
A25: 8 | B25: ESTABILIZADOR ELECTRICO DE CÁMARA | C25: • Numero de ejes 3 ejes (cabeceo, balanceo, guiñada)_x000D_ • Rango de rotación Guiñada (panorámica): inclinación de 360 ° (inclinación): entre 280 ° y 320 ° _x000D_ • Rollo: entre 315 ° y 360 _x000D_ • Velocidad de seguimiento Pan: entre 120 y 180 ° / s_x000D_ • Inclinación: entre 120 y 180 ° / s_x000D_ • Rollo: entre 120 y 180 ° / s_x000D_ • Capacidad de carga desde 4,85 lb / 2,2 kg _x000D_ • Puertos 1 x entrada USB tipo C (alimentación) o Puertos 1 x USB Micro-B_x000D_ • Frecuencia inalámbrica Video: 2.4 GHz (2.4 - 2.483)_x000D_ • Protocolo inalámbrico Bluetooth 5.0 o 4.0 _x000D_ • Tipo de Batería 1 x incorporado_x000D_ | D25: 1 | F25: =+'LOTE 2'!AK26 -> 2342500 | G25: =+F25*D25 -> 2342500
A27: 10 | B27: BATERIAS RECARGABLE CON CARGADOR | C27: • Tipo de Batería 4 x AA • Química de la batería NiMH • Voltaje de la batería 1,2 V • Capacidad minima (mAh) 3500mAh incluido cargador | D27: 4 | F27: =+'LOTE 2'!AK28 -> 46666.667 | G27: =+F27*D27 -> 186666.67
A28: 11 | B28: TARJETA DE MEMORIA 64 GB EXTREME PRO SDXC UHS-I | C28: TARJETA DE MEMORIA 64 GB EXTREME PRO SDXC UHS-I Con adaptador | D28: 3 | F28: =+'LOTE 2'!AK29 -> 176666.67 | G28: =+F28*D28 -> 530000
A29: 12 | B29: CAMARA WEB | C29: _x000D_ • Micrófono incorporado Sí Resolución de video Full HD 1080p Webcam HD para uso en Pc. Puerto USB_x000D_ | D29: 1 | F29: =+'LOTE 2'!AK30 -> 336833.33 | G29: =+F29*D29 -> 336833.33
A30: OFICINA CONSEJERÍA DE COMUNICACIONES
A31: ÍTEM | B31: EQUIPOS | D31: CANTIDAD | F31: VALOR UNITARIO INCLUIDO IVA | G31: PRESUPUESTO
A32: 13 | B32: CABLE HDMI A HDMI | C32: • Cable flexible profesional de alta resistencia • Largo 6 metros | D32: 3 | F32: =+'LOTE 2'!AK33 -> 63499.333 | G32: =+F32*D32 -> 190498
A33: 14 | B33: CABLE HDMI A MINIHDMI | C33: • Cable flexible profesional de alta resistencia • Largo 1.8 a 2 metros | D33: 3 | F33: =+'LOTE 2'!AK34 -> 75449.333 | G33: =+F33*D33 -> 226348
A34: 15 | B34: CABLE N3 | C34: • Cable flexible profesional de alta resistencia • MAXIMO 1MTS | D34: 2 | F34: =+'LOTE 2'!AK35 -> 58000 | G34: =+F34*D34 -> 116000
A35: 16 | B35: CABLE THUNDERBOLT A THUNDERBOLT | C35: • Cable flexible profesional de alta resistencia | D35: 2 | F35: =+'LOTE 2'!AK36 -> 198616.67 | G35: =+F35*D35 -> 397233.33
A36: DESPACHO ALCALDESA (SUBDIRECCION DE SERVICIOS ADMISNISTRATIVOS)
A37: ÍTEM | B37: EQUIPOS | D37: CANTIDAD | F37: VALOR UNITARIO INCLUIDO IVA | G37: PRESUPUESTO
A45: 24 | B45: Cables Sdi minimo1mts con conectores | C45: • Cable flexible profesional de alta resistencia trenza de cobre • Tipo de aislamiento Polietileno • Impedancia máxima 75 ohmios | D45: 4 | F45: =+'LOTE 2'!AK46 -> 157500 | G45: =+F45*D45 -> 630000
A46: 25 | B46: Cables Sdi minimo 20mts con conectores | C46: • Cable flexible profesional de alta resistencia trenza de cobre_x000D_ • Tipo de aislamiento Polietileno_x000D_ • Impedancia máxima 75 ohmios_x000D_ | D46: 4 | F46: =+'LOTE 2'!AK47 -> 500000 | G46: =+F46*D46 -> 2000000
A47: 26 | B47: Cables Sdi minimo 50mts con conectores | C47: • Cable flexible profesional de alta resistencia trenza de cobre_x000D_ • Tipo de aislamiento Polietileno_x000D_ • Impedancia máxima 75 ohmios_x000D_ | D47: 4 | F47: =+'LOTE 2'!AK48 -> 470000 | G47: =+F47*D47 -> 1880000
A50: 29 | B50: Convertidores de señal sdi a hdmi | C50: • 1 x entrada BNC_x000D_ • SD / HD / 3G-SDI_x000D_ • 1 x salida de bucle BNC SD / HD / 3G-SDI 1 x salida HDMI tipo A_x000D_ • 1 x USB Micro-Entrada SD / HD / 3G-SDI_x000D_ • compatibles con dispositivos blackmagic_x000D_ | D50: 4 | F50: =+'LOTE 2'!AK51 -> 315920.67 | G50: =+F50*D50 -> 1263682.7
A52: 31 | B52: Monitor 32 inch. IPS | C52: • 1 x entrada HDMI tipo A_x000D_ • 2 x salida BNC SD / HD / 3G-SDI_x000D_ • 1 x micro-USB_x000D_ | D52: 1 | F52: =+'LOTE 2'!AK53 -> 4205000 | G52: =+F52*D52 -> 4205000
A53: 32 | B53: AJA Io 4K Plus | C53: • La E / S de video profesional AJA Io 4K Plus para Thunderbolt 3 es un dispositivo portátil de captura y salida que ofrece conectividad de video y audio profesional con soporte para flujos de trabajo DCI 4K y UltraHD. | D53: 1 | F53: =+'LOTE 2'!AK54 -> 15050000 | G53: =+F53*D53 -> 15050000
A56: 35 | B56: Convertidores HDMI a micro HDMI. | C56: • Cable flexible profesional de alta resistencia y tráfico pesado _x000D_ • Conector 1 1 x Micro-HDMI macho _x000D_ • Conector 2 1 x HDMI macho_x000D_ | D56: 2 | F56: =+'LOTE 2'!AK57 -> 56480 | G56: =+F56*D56 -> 112960
A57: 36 | B57: Convertidor Usb tipo C - LAN | C57: • Conexión Gigabit Ethernet incluso cuando la opción inalámbrica no es permanente o está fuera del alcance_x000D_ • Puertos USB-C macho y RJ-45 hembra_x000D_ • Compatible con 10/100/1000BASE-T_x000D_ • La velocidad y fiabilidad del Gigabit Ethernet permiten realizar descargas de mayor tamaño sin interrupciones_x000D_ | D57: 2 | F57: =+'LOTE 2'!AK58 -> 210000 | G57: =+F57*D57 -> 420000
A58: 37 | B58: Convertidor Usb Tipo C - Thunderbolt | C58: Este adaptador te permite conectar dispositivos Thunderbolt y Thunderbolt 2 (como discos duros y bases Dock Thunderbolt) a tu MacBook Pro a través de los puertos Thunderbolt 3 (USB-C). | D58: 2 | F58: =+'LOTE 2'!AK59 -> 330000 | G58: =+F58*D58 -> 660000
A59: 38 | B59: Convertidor Usb C - Thunderbolt 2 | C59: Este adaptador te permite conectar dispositivos Thunderbolt y Thunderbolt 2 (como discos duros y bases Dock Thunderbolt) a tu MacBook Pro a través de los puertos Thunderbolt 3 (USB-C). | D59: 2 | F59: =+'LOTE 2'!AK60 -> 330000 | G59: =+F59*D59 -> 660000
A61: TOTAL PRESUPUESTO LOTE 2 | G61: =SUM(G38:G60,G18:G29,G32:G35) -> 51486172

Sheet LOTE 3
A1: ALCALDÍA MAYOR DE BOGOTÁ Secretaría General Subdirección de Servicios Administrativos CONSTANCIA DE ESTUDIO DE MERCADO
A2: FECHA DE ELABORACIÓN: 3/11/2020 | C2: LA SUBDIRECCIÓN DE SERVICIOS ADMINISTRATIVOS DE LA SECRETARIA GENERAL DE BOGOTA D.C , EFECTUO LA CONSULTA DE PRECIOS DE MERCADO PARA ADELANTAR UN PROCESO DE SELECCIÓN ABREVIADA SUBASTA INVERSA ANALIZANDO LAS SIGUIENTES VARIABLES
A3: Objeto: Adquisición, instalación y puesta en funcionamiento de los equipos de audio vídeo e iluminación para la operación de las sedes de la Secretaría General de la Alcaldía Mayor D.C.
C5: MEDIO | G5: CANTIDAD
C6: Correo Electrónico | G6: 3
C7: Comunicación Escrita | G7: 0
C8: Archivos Historicos de la Entidad (contratos o procesos años anteriores) | G8: 0
A9: Como se detalla a continuación, la consulta para la realización del Estudio de Mercado del proceso en mención, se observa que lo cotizado corresponde al objeto a contratar en todos sus componentes y que a su vez se ajusta a las condiciones y/o especificaciones contenidas en los estudios previos:
A15: LOTE 3 Adquisición, instalación y puesta en funcionamiento de los equipos de ILUMINACION para las sedes y operación de la Secretaría General de la Alcaldía Mayor D.C.
A16: OFICINA DE ALTA CONSEJERIA DE LAS VICTIMAS
F17: VOXCOM | L17: IMPREAMIL | R17: IMPORTADORA GRR | X17: ECUACIÓN ARITMETICA | AC17: ESTADISTICA
A18: ÍTEM | B18: EQUIPOS | C18: CANTIDAD | D18: ESPECIFICACIONES TECNICAS | F18: MARCA | G18: VALOR UNITARIO | H18: TARIFA IVA % | I18: VALOR UNITARIO INCLUIDO IVA | J18: VALOR TOTAL | L18: MARCA | M18: VALOR UNITARIO | N18: TARIFA IVA % | O18: VALOR UNITARIO INCLUIDO IVA | P18: VALOR TOTAL | R18: MARCA | S18: VALOR UNITARIO | T18: TARIFA IVA % | U18: VALOR UNITARIO INCLUIDO IVA | V18: VALOR TOTAL | X18: VALOR UNITARIO (2) | Y18: IVA (3) | Z18: VR. TOTAL CON (IVA) (2+3) | AA18: VALOR TOTAL | AC18: MENOR | AD18: MAXIMO | AE18: PROMEDIO | AF18: DESVIACIÓN ESTANDAR | AG18: %
A19: 1 | B19: 1 KIT DE ILUMINACIÓN, 3 LUCES, 3 SOFTBOXES, 3 TRÍPODES, 1 BRAZO DE PLUMA LIVIANO + ESTUCHE | C19: 1 | D19: • Dos Softbox de minimo 16 ″ X24 ″ Uno Softbox minimo de 16 ″ x16 ″ para Hairlight_x000D_ • 3 x Lightstand desde 6.5 pies de alto (un brazo de pluma con bolsa de arena)_x000D_ • 2 x Cabeza de luz capaz de sostener 4 bombillas cada una Cabeza de luz para bombilla individual Hairlight Fit_x000D_ • 8 bombillas fluorescentes de video de 45 vatios y una bombilla de 105 vatios para Hairlight_x000D_ • Estuche incluido_x000D_ | F19: Fancierstudio 2000 Watt | G19: 1060000 | H19: =ROUND(G19*19%,0) -> 201400 | I19: =G19+H19 -> 1261400 | J19: =I19*C19 -> 1261400 | L19: Fancierstudio 2000 Watt | M19: 950000 | N19: =ROUND(M19*19%,0) -> 180500 | O19: =M19+N19 -> 1130500 | P19: =+O19*C19 -> 1130500 | R19: LUMEN | S19: 3847500 | T19: =ROUND(S19*19%,0) -> 731025 | U19: =+T19+S19 -> 4578525 | V19: =+U19*C19 -> 4578525 | X19: =ROUND(AVERAGE(G19,M19,S19),0) -> 1952500 | Y19: =ROUND(X19*0.19,0) -> 370975 | Z19: =+Y19+X19 -> 2323475 | AA19: =+Z19*C19 -> 2323475 | AC19: =+MIN(G19,M19,S19) -> 950000 | AD19: =+MAX(G19,M19,S19) -> 3847500 | AE19: =+AVERAGE(G19,M19,S19) -> 1952500 | AF19: =+STDEVP(I19,O19,U19) -> 1595456.4 | AG19: =AF19/AE19 -> 0.81713515
A20: OFICINA CONSEJERÍA DE COMUNICACIONES | T20: =ROUND(S20*19%,0) -> 0 | U20: =+T20+S20 -> 0 | X20: =ROUND(AVERAGE(G20,M20,S20),0) -> #DIV/0! | Y20: =ROUND(X20*0.19,0) -> #DIV/0! | Z20: =+Y20+X20 -> #DIV/0! | AA20: =+Z20*C20 -> #DIV/0! | AC20: =+MIN(G20,M20,S20) -> 0 | AD20: =+MAX(G20,M20,S20) -> 0 | AE20: =+AVERAGE(G20,M20,S20) -> #DIV/0! | AF20: =+STDEVP(I20,O20,U20) -> 0 | AG20: =AF20/AE20 -> #DIV/0!
A21: ÍTEM | B21: EQUIPOS | C21: CANTIDAD | D21: ESPECIFICACIONES TÉCNICAS | F21: MARCA | G21: VALOR UNITARIO | H21: TARIFA IVA % | I21: VALOR UNITARIO INCLUIDO IVA | J21: VALOR TOTAL | L21: MARCA | M21: VALOR UNITARIO | N21: TARIFA IVA % | O21: VALOR UNITARIO INCLUIDO IVA | P21: VALOR TOTAL | R21: MARCA | S21: VALOR UNITARIO | T21: =ROUND(S21*19%,0) -> #VALUE! | U21: =+T21+S21 -> #VALUE! | V21: VALOR TOTAL | X21: =ROUND(AVERAGE(G21,M21,S21),0) -> #DIV/0! | Y21: =ROUND(X21*0.19,0) -> #DIV/0! | Z21: =+Y21+X21 -> #DIV/0! | AA21: =+Z21*C21 -> #DIV/0! | AC21: =+MIN(G21,M21,S21) -> 0 | AD21: =+MAX(G21,M21,S21) -> 0 | AE21: =+AVERAGE(G21,M21,S21) -> #DIV/0! | AF21: =+STDEVP(I21,O21,U21) -> #VALUE! | AG21: =AF21/AE21 -> #VALUE!
A22: 2 | B22: LUZ PORTÁTIL LED COLOR VARIABLE PARA CÁMARA DE REPORTERÍA | C22: 1 | D22: • Temperatura de color ajustable 3200-5600 K • Atenuador de brillo sin parpadeo 100-10 % • Número de LEDs mínimo 312 • Entrega hasta 1400 lux de brillo a 3 pies • Trabaja con dos baterías NP-F550 y con adaptador de corriente • Diales de color/brillo sin ajuste y suaves en la parte trasera • Difusor magnético a presión incluido • Intercambiables en caliente • Cabezal giratorio de 360º / inclinación de 180º • Estuche de transporte incluido | F22: Genaray LED - 700T | G22: 1385000 | H22: =ROUND(G22*19%,0) -> 263150 | I22: =G22+H22 -> 1648150 | J22: =I22*C22 -> 1648150 | L22: Genaray LED - 700T | M22: 1250000 | N22: =ROUND(M22*19%,0) -> 237500 | O22: =M22+N22 -> 1487500 | P22: =+O22*C22 -> 1487500 | R22: YONGNUO | S22: 854850 | T22: =ROUND(S22*19%,0) -> 162422 | U22: =+T22+S22 -> 1017272 | V22: =+U22*C22 -> 1017272 | X22: =ROUND(AVERAGE(G22,M22,S22),0) -> 1163283 | Y22: =ROUND(X22*0.19,0) -> 221024 | Z22: =+Y22+X22 -> 1384307 | AA22: =+Z22*C22 -> 1384307 | AC22: =+MIN(G22,M22,S22) -> 854850 | AD22: =+MAX(G22,M22,S22) -> 1385000 | AE22: =+AVERAGE(G22,M22,S22) -> 1163283.3 | AF22: =+STDEVP(I22,O22,U22) -> 267691.75 | AG22: =AF22/AE22 -> 0.23011741
A23: TOTAL | X23: TOTAL | AA23: =+AA22+AA19 -> 3707782
A25: Se recibieron tres cotizaciones . La propuesta que presentamos frente a la presente constancia de estudio de mercado, es tomar el valor promedio entre las cotizaciones recibidas, teniendo en cuenta que el monto es acorde al comportamiento del mercado. VALOR PARA EL LOTE 3: $ 3.707.782 INCLUIDO IVA

Sheet PRECIOS TECHO LOTE 3
A1: ALCALDÍA MAYOR DE BOGOTÁ Secretaría General Subdirección de Servicios Administrativos CONSTANCIA DE ESTUDIO DE MERCADO
A2: FECHA DE ELABORACIÓN: 3/11/2020 | C2: LA SUBDIRECCIÓN DE SERVICIOS ADMINISTRATIVOS DE LA SECRETARIA GENERAL DE BOGOTA D.C , EFECTUO LA CONSULTA DE PRECIOS DE MERCADO PARA ADELANTAR UN PROCESO DE SELECCIÓN ABREVIADA SUBASTA INVERSA ANALIZANDO LAS SIGUIENTES VARIABLES
A3: Objeto: Adquisición, instalación y puesta en funcionamiento de los equipos de audio vídeo e iluminación para la operación de las sedes de la Secretaría General de la Alcaldía Mayor D.C.
C5: MEDIO | G5: CANTIDAD
C6: Correo Electrónico | G6: 3
C7: Comunicación Escrita | G7: 0
C8: Archivos Historicos de la Entidad (contratos o procesos años anteriores) | G8: 0
A9: Como se detalla a continuación, la consulta para la realización del Estudio de Mercado del proceso en mención, se observa que lo cotizado corresponde al objeto a contratar en todos sus componentes y que a su vez se ajusta a las condiciones y/o especificaciones contenidas en los estudios previos:
A14: LOTE 3 Adquisición, instalación y puesta en funcionamiento de los equipos de ILUMINACION para las sedes y operación de la Secretaría General de la Alcaldía Mayor D.C.
A15: OFICINA DE ALTA CONSEJERIA DE LAS VICTIMAS
A17: ÍTEM | B17: EQUIPOS | C17: CANTIDAD | D17: ESPECIFICACIONES TECNICAS | F17: VALOR UNITARIO INCLUIDO IVA | G17: PRESUPUESTO
A18: 1 | B18: 1 KIT DE ILUMINACIÓN, 3 LUCES, 3 SOFTBOXES, 3 TRÍPODES, 1 BRAZO DE PLUMA LIVIANO + ESTUCHE | C18: 1 | D18: • Dos Softbox de minimo 16 ″ X24 ″ Uno Softbox minimo de 16 ″ x16 ″ para Hairlight_x000D_ • 3 x Lightstand desde 6.5 pies de alto (un brazo de pluma con bolsa de arena)_x000D_ • 2 x Cabeza de luz capaz de sostener 4 bombillas cada una Cabeza de luz para bombilla individual Hairlight Fit_x000D_ • 8 bombillas fluorescentes de video de 45 vatios y una bombilla de 105 vatios para Hairlight_x000D_ • Estuche incluido_x000D_ | F18: =+'LOTE 3'!AE19 -> 1952500 | G18: =+F18*C18 -> 1952500
A19: OFICINA CONSEJERÍA DE COMUNICACIONES
A20: ÍTEM | B20: EQUIPOS | C20: CANTIDAD | D20: ESPECIFICACIONES TÉCNICAS | F20: VALOR UNITARIO INCLUIDO IVA | G20: PRESUPUESTO
A21: 2 | B21: LUZ PORTÁTIL LED COLOR VARIABLE PARA CÁMARA DE REPORTERÍA | C21: 1 | D21: • Temperatura de color ajustable 3200-5600 K • Atenuador de brillo sin parpadeo 100-10 % • Número de LEDs mínimo 312 • Entrega hasta 1400 lux de brillo a 3 pies • Trabaja con dos baterías NP-F550 y con adaptador de corriente • Diales de color/brillo sin ajuste y suaves en la parte trasera • Difusor magnético a presión incluido • Intercambiables en caliente • Cabezal giratorio de 360º / inclinación de 180º • Estuche de transporte incluido | F21: =+'LOTE 3'!AE22 -> 1163283.3 | G21: =+F21*C21 -> 1163283.3
A22: TOTAL
F23: TOTAL PRESUPUESTO | G23: =+G21+G18 -> 3115783.3

Sheet RESUMEN 
A1: ALCALDÍA MAYOR DE BOGOTÁ Secretaría General Subdirección de Servicios Administrativos CONSTANCIA DE ESTUDIO DE MERCADO
A2: FECHA DE ELABORACIÓN | D2: 44138 | E2: LA SUBDIRECCIÓN DE SERVICIOS ADMINISTRATIVOS DE LA SECRETARIA GENERAL DE BOGOTA D.C , EFECTUO LA CONSULTA DE PRECIOS DE MERCADO PARA ADELANTAR UN PROCESO DE SELECCIÓN ABREVIADA SUBASTA INVERSA ANALIZANDO LAS SIGUIENTES VARIABLES
A3: Objeto: Adquisición, instalación y puesta en funcionamiento de los equipos de audio vídeo e iluminación para la operación de las sedes de la Secretaría General de la Alcaldía Mayor D.C.
C5: PRESUPUESTO POR LOTES
C6: LOTE 1 | F6: =+'LOTE 1'!AA43 -> 39471104
C7: LOTE 2 | F7: =+'LOTE 2'!AG62 -> 61581921
C8: LOTE 3 | F8: =+'LOTE 3'!AA23 -> 3707782
C9: TOTAL PRESUPUESTO CONTRATACIÓN | F9: =SUM(F6:F8) -> 104760807
C11: PRESUPUESTO POR LOTES Y POR DEPENDECIA
C13: LOTE 1
C15: DESPACHO ALCALDESA (SUBDIRECCION DE SERVICIOS ADMISNISTRATIVOS) | F15: =+ROUND(#REF!,0) -> #REF!
C16: OFICINA DE ALTA CONSEJERIA DE LAS VICTIMAS | F16: =+ROUND(#REF!,0) -> #REF!
C18: TOTAL PRESUPUESTO LOTE 1 | F18: =SUM(F15:F17) -> #REF!
C20: LOTE 2
C22: ALTA CONSEJERÍA PARA LOS DERECHOS DE LAS VÍCTIMAS | F22: =+ROUND(#REF!,0) -> #REF!
C23: OFICINA CONSEJERÍA DE COMUNICACIONES | F23: =+ROUND(#REF!,0) -> #REF!
C24: DESPACHO ALCALDESA (SUBDIRECCION DE SERVICIOS ADMISNISTRATIVOS) | F24: =+ROUND(#REF!,0) -> #REF!
C26: TOTAL PRESUPUESTO LOTE 2 | F26: =SUM(F22:F25) -> #REF!
C28: LOTE 3
C30: OFICINA DE ALTA CONSEJERIA DE LAS VICTIMAS | F30: =+ROUND(#REF!,0) -> #REF!
C31: OFICINA CONSEJERÍA DE COMUNICACIONES | F31: =+ROUND(#REF!,0) -> #REF!
C33: TOTAL PRESUPUESTO LOTE 3 | F33: =SUM(F30:F32) -> #REF!
C35: TOTAL PRESUPUESTO CONTRATACIÓN | F35: =+F33+F26+F18 -> #REF!
C37: PRESUPUESTO POR DEPENDECIA
C39: DESPACHO ALCALDESA (SUBDIRECCION DE SERVICIOS ADMISNISTRATIVOS) | F39: =+ROUND(#REF!,0) -> #REF!
C41: OFICINA DE ALTA CONSEJERIA DE LAS VICTIMAS | F41: =+ROUND(#REF!,0) -> #REF!
C43: OFICINA CONSEJERÍA DE COMUNICACIONES | F43: =+ROUND(#REF!,0) -> #REF!
C45: TOTAL PRESUPUESTO CONTRATACIÓN | F45: =SUM(F39:F43) -> #REF!
